Cogmind - Beta 17 @@@ ROGUE MODE // 2026.06.24 @ 01:37:21 Player: szymekc Result: Heading to fleet! Performance ------------- Evolutions (9) 4500 Regions Visited (24) 4800 Robots Destroyed (415) 2075 Value Destroyed (27811) 27811 Prototype IDs (395) 7900 Alien Tech Used (17) 3400 Bonus (74417) 74417 TOTAL SCORE: 124903 Bonus ------- High Alert Combat Kills 4065 Follower Combat Kills 1318 Prayed to X0-1V1 5000 Major X0-1V1 Interference 13100 Entered DSFs 500 Registered with UFD 300 Met Optimus in HQ 500 Met Zhirov 300 Met Warlord at Base 500 MAIN.C Attacked Warlord 500 Warlord Defense Kills 2738 Used Core Reset Matrix 3000 Scanned by Researcher 500 Recovered Sigix Corpse 2000 Destroyed MAIN.C Guards 500 Met MAIN.C 5000 Destroyed MAIN.C Shell 5000 Destroyed MAIN.C 10000 Met Architect 300 Destroyed A8 300 Destroyed A6 400 Destroyed A5 500 Destroyed A4 700 Destroyed A3 800 Destroyed A2 1000 Destroyed Architect 15000 Win 3000 Friendly Fire -2404 Cogmind --------- Core Integrity 931/1600 Matter 410/425 Energy 1120/1350 System Corruption 6% Temperature Cool (12) Movement Walking (115) Location To Fleet Rendezvous Parts ------- > --- POWER (3) -------- Singularity Reactor > --- PROPULSION (6) --- High-density Centrium Leg High-density Centrium Leg High-density Centrium Leg Myomer Exoskeleton > --- UTILITY (13) ----- Experimental Cooling System Advanced Coolant Injector Large Storage Unit Assembled Combat Suite Experimental Targeting Computer Experimental Weapon Cycler Experimental Phase Shifter Assembled Alloy Armor Experimental Powered Armor Heavy Regenerative Plating Experimental Force Field X0-1V1's Piety Tracker > --- WEAPON (4) ------- Enhanced Nova Cannon Enhanced Nova Cannon Enhanced Nova Cannon A3's Sniper Rifle > --- INVENTORY (17) --- Improved Quantum Reactor Advanced Coolant Injector Experimental Energy Well (600) Experimental Terrain Scanner Experimental Powered Armor Microwarp Drive Gamma Rifle Gamma Rifle Compact HERF Cannon Enhanced Nova Cannon Null Cannon Improved Potential Cannon Sigix Corpse Peak State ------------ > --- POWER ------------ Graviton Reactor Vortex Chain Reactor > --- PROPULSION ------- Experimental Myomer Leg Centrium Leg Centrium Leg Myomer Exoskeleton > --- UTILITY ---------- Coolant Network Huge Storage Unit Assembled Combat Suite Experimental Cloaking Device Assembled Alloy Armor Thermal Barrier Experimental Force Field Experimental System Purifier X0-1V1's Piety Tracker Microwarp Drive > --- WEAPON ----------- Enhanced Nova Cannon Null Cannon Graviton Cannon Graviton Cannon > --- INVENTORY -------- Improved Quantum Reactor Experimental Biometal Heavy Treads Centrium Leg High-density Centrium Leg High-density Centrium Leg Advanced Energy Well Experimental Energy Well Experimental Terrain Scanner Experimental Weapon Cycler Heavy Regenerative Plating Advanced Focal Shield Experimental EM Shield Experimental Hardlight Generator Advanced Force Field Advanced Force Field Chronowheel Transdimensional Reconstructor Terrabomb Vortex Rail Enhanced Nova Cannon Improved Potential Cannon Multirail Advanced Micro-nuke Launcher Botcube [Rating: 296] Favorites ----------- Power Vortex Chain Reactor Engine Ion Engine Power Core Reinforced Fission Core Reactor Vortex Chain Reactor Propulsion High-density Centrium Heavy Treads Treads High-density Centrium Heavy Treads Leg Centrium Leg Wheel Centrium Wheel Hover Unit Hover Unit Flight Unit VTOL Module Utility X0-1V1's Piety Tracker Device X0-1V1's Piety Tracker Storage Huge Storage Unit Processor Core Analyzer Hackware System Mapper Protection Heavy Regenerative Plating Artifact Microwarp Drive Weapon Enhanced Nova Cannon Energy Gun Heavy Tesla Rifle Energy Cannon Enhanced Nova Cannon Ballistic Gun Hypervelocity Railgun Ballistic Cannon Graviton Cannon Launcher Gamma Bomb Array Special Weapon Welding Torch Impact Weapon Makeshift Hammer Slashing Weapon Falx Piercing Weapon Plasma Lance Special Melee Weapon Dirty Datajack Build | -11 -10 -10 -9 -9 -6 -6 -5 -5 -5 -5 -4 -4 -4 -4 -4 -3 -3 -3 -3 -2 -2 -1 -1 -1 ------- Run | Yrd Mat Sub Rec Scr Fac DSF Fac Upp Upp War Pro Fac Upp Upp Zhi Pro Res Qua Sec Res Tes Acc Com Ac0 Slots Evolved 17 | . . . . . 8 . 2 . . . . 2 . . . . 2 . . 2 . 1 . . Power 1 | . . . . . . . . . . . . 1 . . . . . . . . . . . . Propulsion 4 | . . . . . 2 . . . . . . 1 . . . . . . . . . 1 . . Utility 10 | . . . . . 5 . 2 . . . . . . . . . 1 . . 2 . . . . Weapon 2 | . . . . . 1 . . . . . . . . . . . 1 . . . . . . . Parts Attached 290 | 7 16 13 1 3 6 19 11 7 4 21 1 21 4 7 3 1 41 27 6 5 7 8 35 16 Power 29 | 1 2 3 . . . 3 1 . 1 1 . 2 . 2 . . 8 1 1 . . . 1 2 Engine 7 | 1 2 3 . . . 1 . . . . . . . . . . . . . . . . . . Core 6 | . . . . . . 2 1 . 1 . . 1 . 1 . . . . . . . . . . Reactor 16 | . . . . . . . . . . 1 . 1 . 1 . . 8 1 1 . . . 1 2 Propulsion 62 | 2 6 2 1 2 2 5 . 2 . 5 . 7 . 1 1 . 7 4 . . . 6 6 3 Treads 31 | 2 . . 1 2 . 5 . 2 . 4 . 7 . 1 . . 3 3 . . . . 1 . Leg 18 | . 1 . . . . . . . . 1 . . . . 1 . 1 . . . . 6 5 3 Wheel 6 | . . 2 . . . . . . . . . . . . . . 3 1 . . . . . . Hover 1 | . 1 . . . . . . . . . . . . . . . . . . . . . . . Flight 6 | . 4 . . . 2 . . . . . . . . . . . . . . . . . . . Utility 129 | 2 5 3 . . 3 9 5 4 1 10 . 8 1 4 2 1 13 17 5 3 4 2 18 9 Device 76 | 2 4 3 . . 3 2 3 2 . 3 . 4 1 2 1 1 11 11 1 2 1 2 13 4 Storage 6 | . 1 . . . . 1 . . . . . 1 . . . . . . . . . . 3 . Processor 10 | . . . . . . . 1 . . 2 . 2 . . . . 1 1 . 1 1 . . 1 Hackware 3 | . . . . . . . . . . . . 1 . . . . 1 . . . 1 . . . Protection 33 | . . . . . . 6 1 2 1 5 . . . 2 1 . . 5 4 . . . 2 4 Artifact 1 | . . . . . . . . . . . . . . . . . . . . . 1 . . . Weapon 70 | 2 3 5 . 1 1 2 5 1 2 5 1 4 3 . . . 13 5 . 2 3 . 10 2 Energy Gun 13 | . 2 1 . . . . 1 . 2 2 . . . . . . 5 . . . . . . . Energy Cannon 26 | . . 1 . 1 1 1 2 . . . . 1 1 . . . 4 1 . 2 3 . 7 1 Ballistic Gun 12 | 2 . . . . . . 2 . . 1 1 . . . . . 4 . . . . . 1 1 Ballistic Cannon 8 | . . . . . . . . 1 . 1 . . 2 . . . . 3 . . . . 1 . Launcher 4 | . 1 . . . . 1 . . . . . 1 . . . . . . . . . . 1 . Special Weapon 1 | . . . . . . . . . . 1 . . . . . . . . . . . . . . Impact Weapon 2 | . . 1 . . . . . . . . . . . . . . . 1 . . . . . . Slashing Weapon 3 | . . 2 . . . . . . . . . 1 . . . . . . . . . . . . Piercing Weapon 1 | . . . . . . . . . . . . 1 . . . . . . . . . . . . Special Melee Weapon . | . . . . . . . . . . . . . . . . . . . . . . . . . Unidentified Prototypes 49 | . 1 1 . . 2 . 4 2 . 8 . 1 . . 3 . 2 11 1 . 4 . 7 2 Corrupted Parts 7 | . . . . . . . . . . 3 . . . . . . . 3 . . . . 1 . System Corruption 52 | . . . . . . . . . . 24 . . . . . . . 25 . . . . 3 . Parts Lost 39 | . 3 4 . . . 3 . . . 3 1 2 . 4 . 3 10 . 1 . . . 1 4 Power 4 | . 1 . . . . . . . . . . . . 2 . . 1 . . . . . . . Propulsion 7 | . 2 3 . . . . . . . . . . . . . . 2 . . . . . . . Utility 23 | . . 1 . . . 3 . . . 2 . 2 . 2 . 3 4 . 1 . . . 1 4 Weapon 5 | . . . . . . . . . . 1 1 . . . . . 3 . . . . . . . Highest Loss Streak 4 | . 2 2 . . . 3 . . . 1 1 1 . 2 . 2 4 . 1 . . . 1 1 To Critical Strikes . | . . . . . . . . . . . . . . . . . . . . . . . . . Average Backups 18 | 1 6 5 4 5 6 13 20 19 19 21 21 24 25 22 24 25 24 24 21 22 21 20 20 12 Power 1 | . . . . . . . 1 1 . . 1 2 2 2 2 3 2 . 1 . . . 1 . Propulsion 2 | . 1 . . . . 1 2 2 1 2 2 3 3 2 3 3 4 3 . 4 5 . 2 1 Utility 6 | . 1 1 1 2 3 8 9 6 6 7 7 6 8 6 5 5 7 9 10 8 8 11 8 4 Weapon 5 | 1 3 2 1 2 2 2 6 7 9 8 8 10 9 9 10 9 7 5 4 4 3 3 4 5 Tool/Special . | . . . . . . . . . . . . . . . . . . . . . . . . . Unused Backups 106 | . 3 2 4 1 . . 8 2 . 6 . 6 . 1 . . 14 16 4 6 9 3 10 11 Power 12 | . . . . . . . . 1 . . . 1 . . . . 2 1 . 2 1 . 2 2 Propulsion 25 | . . . 1 . . . 2 . . . . 1 . . . . 3 8 1 . 4 . 1 4 Utility 38 | . 1 1 . 1 . . 3 1 . 2 . 2 . 1 . . 5 5 2 3 2 1 6 2 Weapon 25 | . 2 1 3 . . . 3 . . 3 . 2 . . . . 3 1 1 1 2 1 . 2 Tool/Special 6 | . . . . . . . . . . 1 . . . . . . 1 1 . . . 1 1 1 Average Slot Usage (%) 86 | . 98 66 100 100 73 89 95 96 100 98 99 89 87 86 90 84 84 89 77 75 76 79 77 80 Engine 2 | . 12 5 19 20 7 6 2 . . . . . . . . . . . . . . . . . Core 2 | . . . 4 4 4 7 10 10 8 1 . 2 4 11 14 14 1 . . . . . . . Reactor 5 | . . . . . . . . . 1 7 10 10 9 2 . . 11 12 8 8 8 7 7 5 Treads 12 | . 23 . 4 14 12 21 21 22 26 25 26 21 18 17 16 14 12 7 13 12 12 . . . Leg 4 | . . . . . . . . . . . . . . . 1 1 1 . . . . 18 18 14 Wheel 2 | . . 6 20 10 . . . . . . . . . . . . . 9 . . . . . . Device 25 | . 21 18 25 25 25 22 30 33 31 28 21 22 34 25 30 33 26 31 23 19 19 15 24 23 Storage 3 | . 6 . . . . 4 5 5 5 5 5 4 4 4 4 4 3 4 4 4 4 3 3 3 Processor 2 | . . . . . . . 4 1 . . 8 1 . . . . 4 3 4 7 11 11 . 2 Protection 5 | . . . . . . 10 4 4 9 11 7 5 2 10 6 1 1 1 6 8 4 2 6 13 Energy Gun 4 | . 13 5 21 11 . . 1 . 6 10 5 . 1 10 9 7 7 . 2 . . . . . Energy Cannon 6 | . . . . 6 5 7 6 5 . 1 1 1 3 1 4 4 3 8 6 7 11 11 11 14 Ballistic Cannon 1 | . . . . . . . . . . . . . 2 1 . . 1 3 6 8 4 2 1 . Peak Build Rating 296 | 9 27 37 41 40 64 102 120 120 126 148 145 172 175 178 172 168 210 227 231 243 254 266 296 275 Average Rating 168 | 5 20 26 38 36 56 81 116 116 122 134 140 166 171 169 165 163 191 203 226 238 240 262 270 260 On Entrance 137 | . 9 27 37 36 38 61 97 120 120 126 145 139 154 172 165 164 161 197 224 224 239 245 264 264 Avg Prop Armor Cover (%) 6 | . 4 7 5 . 1 . . . . 1 4 2 . . 2 2 5 11 . . . . 1 . Naked Turns . | . . . . . . . . . . . . . . . . . . . . . . . . . Heaviest Build 233 | 10 32 18 21 31 34 88 116 116 108 129 114 194 177 187 166 166 232 228 229 229 223 220 233 189 Greatest Support 260 | 40 40 20 22 43 68 120 120 142 140 144 141 210 215 230 214 225 230 250 260 260 260 220 252 196 Greatest Overweight (x) 6 | . 4 4 1 1 . 1 . 1 . 1 . . . . . . 6 6 . . . 1 1 1 Average Overweight (x) . | . . . . . . . . . . . . . . . . . . 1 . . . . . . Largest Inventory Capacity 27 | 5 15 7 7 7 7 22 22 22 22 22 22 27 27 27 27 27 27 27 27 27 27 27 27 17 Average Capacity 21 | 5 9 7 7 7 7 21 22 22 22 22 22 26 27 27 27 27 27 27 27 27 27 27 25 17 Most Carried 27 | 3 12 7 7 7 7 22 22 22 22 22 22 27 27 27 27 27 27 27 27 27 27 27 27 17 Average Carried 20 | 1 6 6 6 6 7 13 20 20 19 21 21 25 26 23 24 25 24 26 26 26 26 24 24 16 Final Capacity 27 | 5 7 7 7 7 7 22 22 22 22 22 22 27 27 27 27 27 27 27 27 27 27 27 17 17 Final Carried 27 | 3 5 6 7 7 7 21 22 18 22 21 22 26 27 21 26 24 25 27 27 27 27 26 17 16 Transmogrified Parts 183 | . . 5 9 15 2 4 . 20 9 18 5 14 17 17 5 7 22 14 . . . . . . Integrity Recovered 3715 | . . 27 47 76 1 118 . 12 86 260 32 232 367 1276 315 132 497 237 . . . . . . Class Distribution -------------------- 22% | Alien-Tank 21% | Hauler-Tank 18% | Mutant 6% | Alien-Skirmisher 4% | Hauler-Mutant 4% | Scavenger-Tank 4% | Tank 3% | Commander-Tank 3% | Commander-Mutant Dominant Class ---------------- Mutant | -10/Materials Mutant | -10/Subcaves Mutant | -9/Recycling Mutant | -9/Scraptown Tank | -6/Factory Tank | -6/DSF Mutant | -5/Factory Commander-Mutant | -5/Upper Caves Commander-Tank | -5/Upper Caves Tank | -5/Warlord Mutant | -4/Proximity Caves Hauler-Mutant | -4/Factory Hauler-Tank | -4/Upper Caves Hauler-Tank | -4/Upper Caves Hauler-Tank | -4/Zhirov Hauler-Tank | -3/Proximity Caves Hauler-Tank | -3/Research Hauler-Tank | -3/Quarantine Hauler-Tank | -3/Section 7 Alien-Tank | -2/Research Alien-Skirmisher | -2/Testing Alien-Skirmisher | -1/Access Alien-Tank | -1/Command Alien-Tank | -1/Access_0 Resources | -11 -10 -10 -9 -9 -6 -6 -5 -5 -5 -5 -4 -4 -4 -4 -4 -3 -3 -3 -3 -2 -2 -1 -1 -1 ----------- Run | Yrd Mat Sub Rec Scr Fac DSF Fac Upp Upp War Pro Fac Upp Upp Zhi Pro Res Qua Sec Res Tes Acc Com Ac0 Matter Collected 12612 | 245 333 714 324 126 . 270 285 401 140 1521 75 258 224 399 48 217 2224 446 1029 327 515 289 1903 299 Remotely 455 | . . . . . . . . . . 455 . . . . . . . . . . . . . . Salvage Created 24536 | 43 573 429 201 . . 606 195 336 107 872 322 1736 510 1158 48 981 3930 1546 2196 645 1722 234 2861 3285 Parts 1048 | 6 31 25 7 . . 33 7 4 4 22 21 88 9 33 . 31 193 81 96 28 73 8 114 134 Haulers Intercepted 5 | . 1 . . . . . 1 . . . . . . . . . . . 1 . 1 1 . . Recyclers Shooed 6 | . . . . . . . . . . . . . . . . . 4 . . . . . 2 . Parts Field Recycled . | . . . . . . . . . . . . . . . . . . . . . . . . . Retrieved Matter . | . . . . . . . . . . . . . . . . . . . . . . . . . Parts Self-Destructed 93 | . . 12 . . . . . 3 5 . 20 . . 30 . 23 . . . . . . . . Prevented 54 | . . 2 . . . . . 6 17 . . . 14 8 . 7 . . . . . . . . Parts Restored . | . . . . . . . . . . . . . . . . . . . . . . . . . Kills | -11 -10 -10 -9 -9 -6 -6 -5 -5 -5 -5 -4 -4 -4 -4 -4 -3 -3 -3 -3 -2 -2 -1 -1 -1 ------- Run | Yrd Mat Sub Rec Scr Fac DSF Fac Upp Upp War Pro Fac Upp Upp Zhi Pro Res Qua Sec Res Tes Acc Com Ac0 Combat Hostiles Destroyed 349 | . 15 15 1 . . 14 1 1 1 26 5 29 6 19 . 18 48 15 29 12 19 1 36 38 Melee 18 | . . 4 . . . . . . . . . 13 . . . . 1 . . . . . . . Guns 73 | . 10 . 1 . . . . . . 9 1 . . 10 . 8 29 . 5 . . . . . Cannons 147 | . . . . . . 10 . 1 . 1 3 2 5 4 . 5 15 1 17 10 17 1 26 29 AOE 46 | . 5 6 . . . 3 . . . 15 . 11 . 1 . 2 . . 2 . . . . 1 Classes Destroyed 30 | 1 3 5 1 . . 2 2 1 1 6 . 1 . . . . 1 1 2 . 1 1 1 . Worker 19 | . . . . . . . . . . . . 4 . . . . 8 . 5 . . . 2 . Builder 10 | . . . . . . . . . . . . . . . . . 4 . 3 . 2 1 . . Tunneler 3 | 2 . . . . . . . . . . . 1 . . . . . . . . . . . . Hauler 5 | . 1 . . . . . 1 . . . . . . . . . . . 1 . 1 1 . . Recycler 8 | . . . 2 . . . . . . . . . . . . . 3 . 3 . . . . . Minesweeper 1 | . . . . . . . . . 1 . . . . . . . . . . . . . . . Mechanic 2 | . . . . . . . . . . 1 . . . . . . . . . . . . 1 . Operator 4 | . . . . . . . 1 . . . . . . . . . . 1 . . . 1 1 . Watcher 6 | . 2 . . . . . . . . . . 1 . . . . 1 . . . . . 2 . Swarmer 53 | . . 6 . . . 4 . . . 1 . 9 . 6 . 1 12 . . 4 . . 10 . Saboteur 1 | . . . . . . . . . . 1 . . . . . . . . . . . . . . Grunt 95 | . 15 . . . . 3 . . 1 11 . 7 3 8 . 11 14 . 8 3 8 . 3 . Brawler 7 | . . . . . . . . . . 2 . 1 . . . 4 . . . . . . . . Duelist 10 | . . . . . . . . . . 5 . . 1 . . . 1 . 2 . . . 1 . Protector 4 | . . . . . . . . . . 2 . . . . . 1 . . 1 . . . . . Researcher 4 | . . . . . . . . . . . . . . . . . . . . . 4 . . . Sentry 17 | . . 1 1 . . 1 . . . . . 3 1 3 . . 3 1 1 . . . 2 . Demolisher 1 | . . . . . . . . . . 1 . . . . . . . . . . . . . . Specialist 14 | . . . . . . 5 . . . . . . . . . . 2 2 . . . . . 5 Hunter 35 | . . . . . . . 1 . . 1 2 3 1 2 . . 6 . 7 2 6 . 4 . Programmer 43 | . . . . . . . . 1 . 2 3 6 . . . 1 9 . 6 2 5 1 7 . Heavy 3 | . . . . . . 1 . . . . . . . . . . 1 . . 1 . . . . Behemoth 2 | . . . . . . . . . . . . . . . . . . . 1 . . . 1 . Quarantine Guard 12 | . . . . . . . . . . . . . . . . . . 12 . . . . . . S7 Guard 1 | . . . . . . . . . . . . . . . . . . . 1 . . . . . M Guard 2 | . . . . . . . . . . . . . . . . . . . . . . . 2 . Enhanced Grunt 21 | . . . . . . . . . . . . . . . 1 . . . . . . . . 20 Enhanced Sentry 3 | . . . . . . . . . . . . . . . . . . . . . . . . 3 Enhanced Hunter 5 | . . . . . . . . . . . . . . . . . . . . . . . . 5 Combat Programmer 2 | . . . . . . . . . . . . . . . . . . . . . . . 2 . Striker 1 | . . . . . . . . . . . . . . . . . . . . . . . 1 . Alpha 7 4 | . . . . . . . . . . . . . . . . . . . 2 . . . 2 . Fortress 1 | . . . . . . . . . . . . . . . . . . 1 . . . . . . Artisan 1 | . . 1 . . . . . . . . . . . . . . . . . . . . . . Subdweller 8 | . . 8 . . . . . . . . . . . . . . . . . . . . . . Zionite 1 | . . 1 . . . . . . . . . . . . . . . . . . . . . . Decomposer 1 | . . . . . . . . . . . . . . 1 . . . . . . . . . . Packrat 3 | . . . . . . . . 1 . . . . 2 . . . . . . . . . . . Golem 1 | . . . . . . . . . . . . . . . . . . . . . . 1 . . Thug 1 | . . . . . . . . 1 . . . . . . . . . . . . . . . . Best Kill Streak 21 | 2 10 5 2 . . 5 1 1 1 9 3 6 2 8 . 7 21 4 8 8 8 1 7 7 Combat Bots Only 15 | . 9 5 1 . . 5 1 1 1 8 3 5 2 8 . 7 15 4 6 8 7 1 7 7 Max Kills in Single Turn 4 | 1 3 3 1 . . 2 1 1 1 2 1 4 1 2 1 1 3 1 2 1 2 1 2 1 Gunslinging 2 | . . . . . . . . . . . . . . . . . 2 . . . . . . . Exploded 3 | . 2 2 . . . 2 . . . 2 . 3 . 1 . 1 . . 1 . . . . 1 Melee 1 | . . 1 . . . . . . . . . 1 . . . . 1 . . . . . . . Uniques/NPCs Destroyed 9 | . . . . . . . . . . . . . . . . . . . . . . . 2 7 MAIN.C Shell (-1/Command) MAIN.C (-1/Command) A8 (-1/Access_0) A6 (-1/Access_0) A5 (-1/Access_0) A2 (-1/Access_0) Architect (-1/Access_0) A4 (-1/Access_0) A3 (-1/Access_0) Combat | -11 -10 -10 -9 -9 -6 -6 -5 -5 -5 -5 -4 -4 -4 -4 -4 -3 -3 -3 -3 -2 -2 -1 -1 -1 -------- Run | Yrd Mat Sub Rec Scr Fac DSF Fac Upp Upp War Pro Fac Upp Upp Zhi Pro Res Qua Sec Res Tes Acc Com Ac0 Hostile Shots Fired 3478 | . 71 65 4 . . 76 5 3 20 141 54 158 24 246 . 136 463 133 283 86 175 12 689 634 Missed 1263 | . 20 32 3 . . 17 4 1 3 42 16 50 8 49 . 33 101 51 110 22 48 4 286 363 Hits 2215 | . 51 33 1 . . 59 1 2 17 99 38 108 16 197 . 103 362 82 173 64 127 8 403 271 Melee 12 | . . . . . . . . . . 3 . . . . . 2 . . 4 . . . 3 . Projectile 2203 | . 51 33 1 . . 59 1 2 17 96 38 108 16 197 . 101 362 82 169 64 127 8 400 271 AOE 9 | . . . . . . . . . . 3 . . . . . . . . . . . . 5 1 Critical Strikes 119 | . . . . . . 3 . . . 8 2 5 1 7 . 7 14 4 13 3 5 . 23 24 Actively Blocked 14 | . . . . . . 2 . . . 1 1 . . . . . 4 3 . . . . . 3 Part Disruptions 20 | . . . . . . . . . . 3 1 1 . . . . 2 . 1 . 1 . 7 4 Actively Blocked 1 | . . . . . . . . . . . . . . . . . . . . . . . . 1 Damage Taken 28171 | . 595 553 16 . 134 1151 11 46 330 1713 421 1124 328 3542 . 1677 4118 1213 1255 653 867 165 4098 4161 Core 2583 | . 135 212 . . . 62 . . . 168 37 21 23 82 . 116 121 92 32 28 73 . 497 884 Absorbed by Shields 14559 | . . . . . 26 246 4 16 91 524 128 874 11 261 . 550 975 870 1242 684 917 3 3458 3679 Reduced by Siege Mode 580 | . . . . . . . . . . . . . . 220 . 131 50 12 109 26 22 . 10 . Redirected to Shielding 655 | . . . . . . 263 . . . 91 27 . . 111 . . . . . . . . . 163 Ignored by Resistances 11402 | . . . . . . . . 27 55 146 . . . . . . 2560 571 1373 283 1084 18 3778 1507 Regen/Repaired (Parts) 6711 | . . . . . . . . . 36 175 76 55 . . . . . . 2305 189 209 43 2948 675 Core Remaining (%) 80 | 100 . . . 91 . 92 . . . . 79 . . . . 78 . . 55 . 93 . . 58 Volleys Fired 1162 | 9 46 9 5 . . 32 8 5 11 61 14 48 22 53 11 52 135 55 101 28 93 24 170 170 Largest 7 | 2 2 2 2 . . 2 3 3 2 3 3 1 3 3 2 3 7 4 4 4 4 4 4 4 Hottest 492 | 40 112 112 115 . . 75 215 215 150 255 223 110 162 162 96 186 492 328 328 328 402 428 490 490 Shots Fired 2942 | 18 86 11 10 . . 42 15 8 18 124 38 48 35 147 18 105 398 89 258 70 203 46 508 647 Gun 740 | 18 81 4 10 . . . . . 12 66 24 . 2 119 16 59 258 1 42 8 . . 20 . Cannon 2134 | . . 1 . . . 38 15 8 . 35 14 37 31 28 2 36 139 88 216 62 203 46 488 647 Launcher 68 | . 5 6 . . . 4 . . 6 23 . 11 2 . . 10 1 . . . . . . . Special . | . . . . . . . . . . . . . . . . . . . . . . . . . Kinetic 562 | 18 26 . . . . 4 . 3 . 12 12 . 12 14 . . 200 3 89 28 60 6 75 . Thermal 1863 | . 55 5 5 . . 38 15 5 . 55 26 . 2 119 9 64 145 18 79 20 100 40 417 646 Explosive 37 | . 5 6 . . . . . . 1 23 . . 2 . . . . . . . . . . . Electromagnetic 410 | . . . 5 . . . . . 17 34 . 48 19 14 9 41 49 68 48 14 43 . . 1 Entropic 70 | . . . . . . . . . . . . . . . . . 4 . 42 8 . . 16 . Robot Hit Streak 46 | 5 11 4 11 . . 11 6 3 5 8 4 4 7 20 2 20 12 9 21 21 27 12 46 38 Robot Miss Streak 6 | 2 3 . 1 . . 2 1 3 3 6 4 4 3 5 4 2 4 4 4 4 3 1 4 3 Penetration Max 2 | . . . . . . . . . . 1 . . . . . . 2 . 1 2 . . . . Secondary Targets 19 | . 1 . . . . . . . . 2 . . . 3 . . 13 . . . . . . . Max Gunslinging Chain 3 | . 1 . . . . . . . . 1 . . . 1 . . 3 . . . . . . . Capacitor 37 | . . . . . . . . . . . . 37 . . . . . . . . . . . . Shots Hit Robots 1844 | 11 53 33 10 . . 32 11 6 9 67 13 68 24 101 6 66 211 61 145 45 87 16 341 428 Core Hits 917 | 2 34 15 7 . . 16 3 5 9 98 8 47 12 40 2 35 112 27 79 20 39 7 110 190 Critical Kills 59 | . . 2 . . . 1 . . . 1 1 . . . . . 25 . 6 3 4 . 8 8 Critical Parts Destroyed 50 | . . 3 . . . . . . . . . . . . . . 23 1 16 1 5 . 1 . Critical Strikes 148 | . 3 6 . . . 1 . . . 3 1 9 . 3 . 1 52 4 27 7 11 1 11 8 Burn 7 | . 3 . . . . . . . . . . . . 3 . 1 . . . . . . . . Meltdown 20 | . . . . . . 1 . . . . 1 . . . . . . . 1 . 1 . 8 8 Destroy 78 | . . . . . . . . . . 1 . . . . . . 48 1 16 4 8 . . . Blast 15 | . . . . . . . . . . 1 . . . . . . 4 . 4 1 2 1 2 . Corrupt 5 | . . . . . . . . . . 1 . . . . . . . 2 . 2 . . . . Smash 6 | . . 6 . . . . . . . . . . . . . . . . . . . . . . Impale 10 | . . . . . . . . . . . . 9 . . . . . 1 . . . . . . Detonate 7 | . . . . . . . . . . . . . . . . . . . 6 . . . 1 . Melee Attacks 220 | . . 83 1 . . 1 9 7 5 . 8 81 4 . . . 1 20 . . . . . . Kinetic 8 | . . . . . . . . . . . . . . . . . . 8 . . . . . . Impact 70 | . . 70 . . . . . . . . . . . . . . . . . . . . . . Slashing 46 | . . 13 1 . . 1 9 7 5 . . 8 2 . . . . . . . . . . . Piercing 96 | . . . . . . . . . . . 8 73 2 . . . 1 12 . . . . . . Sneak Attacks 23 | . . 2 1 . . . 1 . 1 . . 13 2 . . . . 3 . . . . . . Combat Hostiles . | . . . . . . . . . . . . . . . . . . . . . . . . . Follow-up Attacks 16 | . . 2 . . . . . 1 . . . 12 . . . . . 1 . . . . . . Damage Inflicted 81811 | 123 1442 1773 258 . . 2039 449 460 443 6352 466 4253 1474 2935 110 2793 5952 2263 6795 1862 4530 908 14818 19313 Guns 11864 | 123 724 63 188 . . . . . 178 1161 191 . . 2212 110 975 3233 9 1561 460 . . 676 . Cannons 53081 | . . . . . . 1298 296 206 . 895 275 669 790 612 . 837 2390 1853 4408 1402 4507 897 14107 17639 Explosions 11612 | . 718 405 . . . 701 . . 152 4296 . 1033 484 99 . 981 219 . 822 . . . 28 1674 Melee 5087 | . . 1305 70 . . 40 153 254 113 . . 2551 200 . . . . 401 . . . . . . Ramming 167 | . . . . . . . . . . . . . . 12 . . 110 . 4 . 23 11 7 . Kinetic 10227 | 123 215 . . . . 701 . 92 . 422 75 . 370 272 . . 2606 310 1454 632 1159 56 1740 . Thermal 47857 | . 509 63 77 . . 1298 296 114 . 1053 391 616 . 2311 36 1899 1758 51 2383 370 2026 841 12551 19214 Explosive 6129 | . 718 405 . . . . . . 14 4296 . . 484 . . . . . 212 . . . . . Electromagnetic 9800 | . . . 111 . . . . . 316 581 . 1086 420 340 74 894 1342 1733 1181 400 1322 . . . Impact 1305 | . . 1305 . . . . . . . . . . . . . . . . . . . . . . Slashing 764 | . . . 70 . . 40 153 254 113 . . 134 . . . . . . . . . . . . Piercing 2786 | . . . . . . . . . . . . 2417 200 . . . . 169 . . . . . . Entropic 2776 | . . . . . . . . . . . . . . . . . 136 . 1561 460 . . 520 99 Highest Corruption 44 | . . 3 . . . . . . 1 28 28 1 32 32 32 44 9 13 13 1 18 16 25 6 Average Corruption 14 | . . 3 . . . . . . 1 7 16 1 13 32 32 36 5 12 1 1 11 16 16 3 Corruption Purged 28 | . . . . . . . . . . . . . . . . . . . . . . . 28 . Corruption Blocked . | . . . . . . . . . . . . . . . . . . . . . . . . . Effects 393 | . . . . . . . . . 1 21 1 . 36 56 22 35 16 11 10 . 41 20 106 17 Message Errors 68 | . . . . . . . . . . 1 . . 7 7 6 4 4 4 1 . 10 4 19 1 Matter Fused 76 | . . . . . . . . . . 6 . . 5 11 5 10 1 2 2 . 6 4 22 2 Heat Flow Errors 45 | . . . . . . . . . . 3 . . 3 3 3 3 1 2 2 . 5 4 10 6 Energy Discharges 47 | . . . . . . . . . 1 2 . . 7 5 3 5 4 1 1 . 3 3 11 1 Parts Rejected 11 | . . . . . . . . . . 1 . . . 3 . . 2 . 1 . . . 3 1 Parts Fused 9 | . . . . . . . . . . 1 . . 2 1 1 . 1 . . . 1 1 1 . Data Loss (minor) 42 | . . . . . . . . . . 5 1 . 4 3 . 6 1 1 1 . 5 2 12 1 Data Loss (major) 17 | . . . . . . . . . . . . . 2 2 1 3 . . . . 2 1 4 2 Misfires 18 | . . . . . . . . . . 1 . . 2 4 . 1 1 1 . . 3 1 4 . Alerts 7 | . . . . . . . . . . . . . 1 1 1 . 1 . . . 1 . 2 . Misdirections 2 | . . . . . . . . . . . . . 1 . . . . . . . . . 1 . Weapon Failures 51 | . . . . . . . . . . 1 . . 2 16 2 3 . . 2 . 5 . 17 3 Overload Shots 2 | . . . . . . . . . . . . . . 2 . . . . . . . . . . Overflow Damage 2575 | . 10 248 40 . . 199 10 33 73 151 . 294 114 43 . 26 80 . 76 69 291 156 433 229 Projectiles 1641 | . . . . . . 155 10 33 . 28 . 2 28 43 . 26 80 . 66 69 291 156 433 221 Explosions 225 | . 10 8 . . . 44 . . . 123 . 22 . . . . . . 10 . . . . 8 Melee 709 | . . 240 40 . . . . . 73 . . 270 86 . . . . . . . . . . . Knockbacks 74 | . . 6 . . . . . 1 . 2 . . 2 . . . 15 . 16 2 16 1 13 . Impact 7 | . . 5 . . . . . . . . . . . . . . 1 . . . . 1 . . Kinetic 62 | . . . . . . . . 1 . 2 . . 2 . . . 11 . 16 2 15 . 13 . Secondary 5 | . . 1 . . . . . . . . . . . . . . 3 . . . 1 . . . Self-Inflicted Damage 642 | . 2 23 . . . 151 . . 42 . . . . 52 . 43 1 . 269 . . . . 59 Shots 22 | . 1 1 . . . 4 . . 4 . . . . 1 . 4 1 . 5 . . . . 1 Rammed 11 | . 1 . . . . . . . . . . . . 2 . . 6 . 1 . 1 . . . Targets Rammed 15 | . 1 . . . . . . . . . . . . 2 . . 8 . 1 . 1 1 1 . Kicked 2 | . . . . . . . . . . . . . . . . . . . . . . 1 1 . Crushed 2 | . . . . . . . . . . . . . . . . . 2 . . . . . . . Highest Temperature 447 | . 348 . 207 . . 439 288 66 391 224 192 391 248 273 235 119 447 412 208 . 139 104 188 301 Average Temperature 103 | . 125 . 96 . . 135 83 39 112 103 69 73 74 63 126 25 141 103 21 . 43 80 58 89 Received Heat Transfer 3055 | . 348 117 . . . 185 . 15 53 152 . 103 72 605 . 442 281 127 81 18 188 . 130 138 Effects 24 | . 1 . . . . 3 1 . . . . 2 . . . . 14 3 . . . . . . Shutdowns 10 | . . . . . . 1 . . . . . . . . . . 7 2 . . . . . . Energy Bleed 8 | . . . . . . 1 1 . . . . 2 . . . . 3 1 . . . . . . Interference 2 | . . . . . . . . . . . . . . . . . 2 . . . . . . . Short Circuit 1 | . . . . . . . . . . . . . . . . . 1 . . . . . . . Damage (minor) 3 | . 1 . . . . 1 . . . . . . . . . . 1 . . . . . . . Siege Activations 21 | . . . . . . . . . . . . . 1 4 . 2 1 1 8 1 2 . 1 . Total Turns 461 | . . . . . . . . . . . . . 15 98 . 53 43 9 135 35 36 . 37 . Longest Duration 48 | . . . . . . . . . . . . . 15 37 . 48 43 9 43 35 18 . 37 . Martial Activations . | . . . . . . . . . . . . . . . . . . . . . . . . . Shielding Activations . | . . . . . . . . . . . . . . . . . . . . . . . . . Robots Disrupted 4 | . . . . . . . . . . . . 3 . . . 1 . . . . . . . . Combat Hostiles 4 | . . . . . . . . . . . . 3 . . . 1 . . . . . . . . Robots Corrupted 38 | . . 5 . . . . . . 1 . . 3 1 . 1 3 3 13 3 2 3 . . . Combat Hostiles 36 | . . 5 . . . . . . 1 . . 3 1 . . 3 3 13 3 2 2 . . . Parts Fried 65 | . . 2 . . . . . . 2 1 . 4 1 . . 1 8 31 8 2 5 . . . Impact Corruptions 8 | . . 8 . . . . . . . . . . . . . . . . . . . . . . Robots Melted 29 | . . . . . . 1 1 . . 1 1 . . 4 . . . . 2 . 1 . 10 8 Combat Hostiles 28 | . . . . . . 1 1 . . 1 1 . . 4 . . . . 2 . . . 10 8 Parts Melted 75 | . 1 1 . . . 3 1 . . 3 2 . . 9 . . 5 . 2 . 2 1 19 26 Heat Transferred 36045 | . 1332 148 141 . . 450 400 150 . 1124 407 400 . 3417 74 1177 2682 53 1771 296 1497 607 7349 12570 Parts Sabotaged 2 | . . . . . . . . . . 2 . . . . . . . . . . . . . . Parts Stolen . | . . . . . . . . . . . . . . . . . . . . . . . . . Parts Stripped 18 | . . . . . . . . . . . . . . . . . . 18 . . . . . . Power Chain Reactions 6 | . . . . . . . . . . . . 2 . 1 . 3 . . . . . . . . Alert | -11 -10 -10 -9 -9 -6 -6 -5 -5 -5 -5 -4 -4 -4 -4 -4 -3 -3 -3 -3 -2 -2 -1 -1 -1 ------- Run | Yrd Mat Sub Rec Scr Fac DSF Fac Upp Upp War Pro Fac Upp Upp Zhi Pro Res Qua Sec Res Tes Acc Com Ac0 Maximum Alert Level 4 | . 1 . . . . 1 . . . . . 2 . . . . 3 3 3 2 3 2 4 . Low Security (%) 28 | 100 96 . 100 . 100 42 100 . . . . 66 . . . . 48 . . . . . . . Level 1 13 | . 3 . . . . 57 . . . . . 29 . . . . 2 . 20 50 34 17 8 . Level 2 29 | . . . . . . . . . . . . 4 . . . . 10 96 40 49 56 82 10 . Level 3 18 | . . . . . . . . . . . . . . . . . 38 3 39 . 8 . 36 . Level 4 9 | . . . . . . . . . . . . . . . . . . . . . . . 44 . Level 5 . | . . . . . . . . . . . . . . . . . . . . . . . . . High Security . | . . . . . . . . . . . . . . . . . . . . . . . . . Max Security . | . . . . . . . . . . . . . . . . . . . . . . . . . Sterilizations 1 | . . . . . . 1 . . . . . . . . . . . . . . . . . . Peak Influence 1085 | 5 205 . 65 . . 333 174 . . . . 576 . . . . 1046 711 843 574 788 617 1085 . Initial 584 | . . . . . . . 174 . . . . . . . . . 122 584 367 461 313 379 309 . Average 406 | . 42 . 15 . . 203 92 . . . . 134 . . . . 454 595 578 406 462 488 740 . Influence Increases 12122 | 10 415 140 168 . . 363 148 105 130 780 130 1056 248 390 . 390 1578 635 1062 335 947 431 1360 1301 Destroy 0b10 Robot/C 6540 | . 300 140 20 . . 280 40 60 80 620 100 580 160 380 . 340 960 300 580 240 520 20 720 100 Destroy 0b10 Robot/NC 340 | 10 15 . 10 . . . 10 10 5 20 . 30 . . . 5 80 5 65 . 15 15 45 . Destroy Leader 942 | . 56 . . . . 30 22 . 10 . 30 102 20 10 . 30 182 110 92 50 62 12 124 . Allied During Kill 306 | . . . . . . . 12 35 35 140 . . 23 . . . . 7 17 . 17 . 20 . Successful Hack 143 | . 10 . 18 . . . 5 . . . . 47 . . . . 7 18 4 . . 30 4 . Select Force Hacks 120 | . . . 120 . . . . . . . . . . . . . . . . . . . . . Disable Machine 885 | . 15 . . . . 15 45 . . . . 120 . . . . 45 165 135 . 150 30 45 120 Destroy Structure 2138 | . 19 . . . . 23 14 . . . . 132 . . . . 124 30 154 45 183 66 267 1081 Partial Spotted 15 | . . . . . . . . . . . . . . . . . 15 . . . . . . . Lose Combat Pursuer 435 | . . . . . . 15 . . . . . 45 45 . . 15 165 . 15 . . . 135 . Miscellaneous 258 | . . . . . . . . . . . . . . . . . . . . . . 258 . . Influence Decreases 11021 | 10 227 328 168 . . 30 397 189 130 292 618 502 676 421 95 208 721 1020 895 598 873 579 743 1301 Entered New Map 4032 | . . 91 . . . . 159 32 . . 488 . 206 25 95 . 60 455 287 360 245 253 175 1101 Time Decay 5883 | 10 197 207 168 . . . 238 137 130 182 130 348 410 356 . 178 569 565 538 238 458 326 498 . Lost Part 342 | . 30 10 . . . 30 . . . 30 . 20 . 40 . 30 92 . 10 . . . 10 40 Lost Ally 480 | . . 20 . . . . . 20 . 80 . . 60 . . . . . 60 . 20 . 60 160 Purge Threat 284 | . . . . . . . . . . . . 134 . . . . . . . . 150 . . . Squads Dispatched 56 | . 5 . . . 2 2 3 . . . . 10 . . . 1 10 . 7 3 9 3 1 . Investigation 6 | . 4 . . . . . . . . . . 2 . . . . . . . . . . . . Extermination 17 | . . . . . . . . . . . . 4 . . . . 3 . 3 1 3 2 1 . Reinforcement 23 | . . . . . . 2 3 . . . . . . . . . 6 . 3 2 6 1 . . Assault 6 | . 1 . . . 2 . . . . . . . . . . 1 1 . 1 . . . . . Garrison 4 | . . . . . . . . . . . . 4 . . . . . . . . . . . . Intercept . | . . . . . . . . . . . . . . . . . . . . . . . . . Searches Triggered . | . . . . . . . . . . . . . . . . . . . . . . . . . Construction Impeded 4 | . . . . . . . . . . . . . . . . . 1 . . . 2 1 . . Haulers Reinforced 3 | . . . . . . . . . . . . . . . . . 2 . . . 1 . . . Active Scanning Responses . | . . . . . . . . . . . . . . . . . . . . . . . . . Cargo Convoy Interrupts . | . . . . . . . . . . . . . . . . . . . . . . . . . Stealth | -11 -10 -10 -9 -9 -6 -6 -5 -5 -5 -5 -4 -4 -4 -4 -4 -3 -3 -3 -3 -2 -2 -1 -1 -1 --------- Run | Yrd Mat Sub Rec Scr Fac DSF Fac Upp Upp War Pro Fac Upp Upp Zhi Pro Res Qua Sec Res Tes Acc Com Ac0 Distress Signals 33 | . 2 . . . . . . . . . . 4 . . . . 2 . 2 1 2 . 20 . Communications Jammed 18 | . . . . . . . . . . . . . . . . . 18 . . . . . . . Distress Signals 18 | . . . . . . . . . . . . . . . . . 18 . . . . . . . Times Spotted 599 | . 22 30 1 . . 15 8 3 4 124 5 37 10 26 . 20 64 16 45 16 27 7 57 62 Peak Tracking Total 19 | . 10 6 . . . 4 1 2 2 19 2 6 3 10 . 9 7 3 5 5 7 6 12 10 Tactical Retreats 28 | . . 3 . . . 1 . . . . . 3 3 . . 1 9 . 1 . . . 5 2 Traps | -11 -10 -10 -9 -9 -6 -6 -5 -5 -5 -5 -4 -4 -4 -4 -4 -3 -3 -3 -3 -2 -2 -1 -1 -1 ------- Run | Yrd Mat Sub Rec Scr Fac DSF Fac Upp Upp War Pro Fac Upp Upp Zhi Pro Res Qua Sec Res Tes Acc Com Ac0 Traps Triggered 19 | . 3 . . . 1 3 . . . . . 3 . . . . 1 3 1 1 1 1 1 . Indirectly . | . . . . . . . . . . . . . . . . . . . . . . . . . Trap Hack Attempts . | . . . . . . . . . . . . . . . . . . . . . . . . . Triggered . | . . . . . . . . . . . . . . . . . . . . . . . . . Disarmed . | . . . . . . . . . . . . . . . . . . . . . . . . . Reprogrammed . | . . . . . . . . . . . . . . . . . . . . . . . . . Reused . | . . . . . . . . . . . . . . . . . . . . . . . . . Traps Extracted . | . . . . . . . . . . . . . . . . . . . . . . . . . Installed . | . . . . . . . . . . . . . . . . . . . . . . . . . Triggered . | . . . . . . . . . . . . . . . . . . . . . . . . . Machines | -11 -10 -10 -9 -9 -6 -6 -5 -5 -5 -5 -4 -4 -4 -4 -4 -3 -3 -3 -3 -2 -2 -1 -1 -1 ---------- Run | Yrd Mat Sub Rec Scr Fac DSF Fac Upp Upp War Pro Fac Upp Upp Zhi Pro Res Qua Sec Res Tes Acc Com Ac0 Machines Disabled 77 | . 1 1 . . . 1 3 2 . 3 . 8 . . 1 . 3 11 15 . 13 2 3 10 Max in Single Turn 5 | . 1 1 . . . 1 1 1 . 2 . 5 . . 1 . 1 1 2 . 2 1 1 1 Garrison Access 3 | . . . . . 2 . 1 . . . . . . . . . . . . . . . . . Machines Repaired . | . . . . . . . . . . . . . . . . . . . . . . . . . Machines Dismantled 1 | . . . . . . . . . . 1 . . . . . . . . . . . . . . Machines Sabotaged . | . . . . . . . . . . . . . . . . . . . . . . . . . Overloaded Fab Kills . | . . . . . . . . . . . . . . . . . . . . . . . . . Hacking | -11 -10 -10 -9 -9 -6 -6 -5 -5 -5 -5 -4 -4 -4 -4 -4 -3 -3 -3 -3 -2 -2 -1 -1 -1 --------- Run | Yrd Mat Sub Rec Scr Fac DSF Fac Upp Upp War Pro Fac Upp Upp Zhi Pro Res Qua Sec Res Tes Acc Com Ac0 Machines Accessed 67 | . 2 1 9 4 2 . 3 1 1 3 . 6 2 1 . . 8 8 3 1 2 5 4 1 Terminals 41 | . 2 . 5 . 1 . 2 . . . . 5 . 1 . . 7 6 1 1 1 5 4 . Fabricators . | . . . . . . . . . . . . . . . . . . . . . . . . . Repair Stations . | . . . . . . . . . . . . . . . . . . . . . . . . . Recycling Units 4 | . . . 4 . . . . . . . . . . . . . . . . . . . . . Scanalyzers 4 | . . . . . . . . . . . . 1 . . . . 1 1 1 . . . . . Garrison Access 5 | . . . . . 1 . 1 . . . . . . . . . . 1 1 . 1 . . . Total Hacks 164 | . 6 9 18 14 4 . 5 1 1 7 . 19 6 3 . . 12 14 5 1 5 11 6 17 Successful 91 | . 3 9 8 14 2 . 2 1 1 7 . 7 6 3 . . 1 3 2 . 1 3 1 17 Failed 73 | . 3 . 10 . 2 . 3 . . . . 12 . . . . 11 11 3 1 4 8 5 . Catastrophic 20 | . 1 . 2 . . . . . . . . 4 . . . . 4 2 1 1 2 2 1 . Database Lockouts . | . . . . . . . . . . . . . . . . . . . . . . . . . Manual 22 | . 1 . 11 . . . 1 . . . . 4 . . . . . . . 1 . 2 2 . Terminals 86 | . 6 . 11 . 3 . 4 . . . . 14 . 3 . . 11 10 2 1 4 11 6 . Fabricators . | . . . . . . . . . . . . . . . . . . . . . . . . . Repair Stations . | . . . . . . . . . . . . . . . . . . . . . . . . . Recycling Units 7 | . . . 7 . . . . . . . . . . . . . . . . . . . . . Scanalyzers 11 | . . . . . . . . . . . . 5 . . . . 1 3 2 . . . . . Garrison Access 5 | . . . . . 1 . 1 . . . . . . . . . . 1 1 . 1 . . . Terminal Hacks 79 | . 3 9 2 14 1 . 1 1 1 7 . 6 6 3 . . 1 2 1 . 1 2 1 17 Record 48 | . . 8 . 14 . . . . . 1 . . 5 3 . . . . . . . . . 17 Prototype ID Bank 8 | . 1 . 1 . . . . . . 5 . 1 . . . . . . . . . . . . Open Door 10 | . . . . . . . . 1 1 1 . . 1 . . . 1 1 1 . . 2 1 . Open DSF 1 | . . . . . 1 . . . . . . . . . . . . . . . . . . . Branch Access Points 1 | . . . . . . . . . . . . 1 . . . . . . . . . . . . Unreport Threat 2 | . . . . . . . . . . . . 1 . . . . . . . . 1 . . . Hauler Manifests 1 | . . . . . . . 1 . . . . . . . . . . . . . . . . . Registered Components 1 | . . . . . . . . . . . . 1 . . . . . . . . . . . . Registered Prototypes 3 | . . . 1 . . . . . . . . 1 . . . . . 1 . . . . . . Zone Layout 3 | . 2 . . . . . . . . . . 1 . . . . . . . . . . . . Proto ID Catalog 1 | . . 1 . . . . . . . . . . . . . . . . . . . . . . Fabricator Hacks . | . . . . . . . . . . . . . . . . . . . . . . . . . Repair Station Hacks . | . . . . . . . . . . . . . . . . . . . . . . . . . Recycling Unit Hacks . | . . . . . . . . . . . . . . . . . . . . . . . . . Scanalyzer 3 | . . . . . . . . . . . . 1 . . . . . 1 1 . . . . . Insert Component 1 | . . . . . . . . . . . . 1 . . . . . . . . . . . . Retrieve Study 2 | . . . . . . . . . . . . . . . . . . 1 1 . . . . . Garrison Access Hacks 2 | . . . . . 1 . 1 . . . . . . . . . . . . . . . . . Seal Access 2 | . . . . . 1 . 1 . . . . . . . . . . . . . . . . . Unauthorized Hacks 7 | . . . 6 . . . . . . . . . . . . . . . . . . 1 . . Terminals 3 | . . . 2 . . . . . . . . . . . . . . . . . . 1 . . Botnet 3 | . . . 2 . . . . . . . . . . . . . . . . . . 1 . . Fabricators . | . . . . . . . . . . . . . . . . . . . . . . . . . Repair Stations . | . . . . . . . . . . . . . . . . . . . . . . . . . Recycling Units 4 | . . . 4 . . . . . . . . . . . . . . . . . . . . . Tunnel 4 | . . . 4 . . . . . . . . . . . . . . . . . . . . . Scanalyzers . | . . . . . . . . . . . . . . . . . . . . . . . . . Garrison Access . | . . . . . . . . . . . . . . . . . . . . . . . . . Data Cores Recovered 1 | . . . . . . . . . . . . . . . . . . . . . . . 1 . Used . | . . . . . . . . . . . . . . . . . . . . . . . . . Hacking Detections 45 | . 2 . 4 . 1 . 2 . . . . 6 . 1 . . 8 8 2 1 2 4 4 . Full Trace Events 2 | . . . 1 . . . . . . . . 1 . . . . . . . . . . . . Feedback Events . | . . . . . . . . . . . . . . . . . . . . . . . . . Feedback Blocked . | . . . . . . . . . . . . . . . . . . . . . . . . . Robot Schematics Acquired 5 | . . . . . . . . . . . . . . . . . . 2 . . 3 . . . Robots Built . | . . . . . . . . . . . . . . . . . . . . . . . . . Authchips . | . . . . . . . . . . . . . . . . . . . . . . . . . Time . | . . . . . . . . . . . . . . . . . . . . . . . . . Total Robot Build Rating . | . . . . . . . . . . . . . . . . . . . . . . . . . Part Schematics Acquired 17 | . . . . . . . . . . . . . . . . . . 14 . . 3 . . . Parts Built . | . . . . . . . . . . . . . . . . . . . . . . . . . Authchips . | . . . . . . . . . . . . . . . . . . . . . . . . . Time . | . . . . . . . . . . . . . . . . . . . . . . . . . Total Part Build Rating . | . . . . . . . . . . . . . . . . . . . . . . . . . Part Studies Acquired 2 | . . . . . . . . . . . . . . . . . . 1 1 . . . . . Parts Repaired . | . . . . . . . . . . . . . . . . . . . . . . . . . Time . | . . . . . . . . . . . . . . . . . . . . . . . . . Parts Recycled . | . . . . . . . . . . . . . . . . . . . . . . . . . Recycled Matter . | . . . . . . . . . . . . . . . . . . . . . . . . . Retrieved Matter . | . . . . . . . . . . . . . . . . . . . . . . . . . Retrieved Components . | . . . . . . . . . . . . . . . . . . . . . . . . . Parts Scanalyzed 1 | . . . . . . . . . . . . 1 . . . . . . . . . . . . Part Schematics Acquired . | . . . . . . . . . . . . . . . . . . . . . . . . . Parts Damaged . | . . . . . . . . . . . . . . . . . . . . . . . . . Bothacking | -11 -10 -10 -9 -9 -6 -6 -5 -5 -5 -5 -4 -4 -4 -4 -4 -3 -3 -3 -3 -2 -2 -1 -1 -1 ------------ Run | Yrd Mat Sub Rec Scr Fac DSF Fac Upp Upp War Pro Fac Upp Upp Zhi Pro Res Qua Sec Res Tes Acc Com Ac0 Used RIF Installer . | . . . . . . . . . . . . . . . . . . . . . . . . . Robots Hacked . | . . . . . . . . . . . . . . . . . . . . . . . . . Non-combat . | . . . . . . . . . . . . . . . . . . . . . . . . . Combat . | . . . . . . . . . . . . . . . . . . . . . . . . . Robot Hacks Applied . | . . . . . . . . . . . . . . . . . . . . . . . . . Relay Couplers Released 7 | . . . . . 3 . . . . . . . . . . . 4 . . . . . . . Machine Destruction 3 | . . . . . 3 . . . . . . . . . . . . . . . . . . . Programmers 4 | . . . . . . . . . . . . . . . . . 4 . . . . . . . Fabnet Peak Effective % . | . . . . . . . . . . . . . . . . . . . . . . . . . Robots Rewired 4 | . . . . . . . . 3 . . . . . . . . . . . . 1 . . . Allies Hacked 1 | . . . . . . . . . . . . . . . . . . . . . . . 1 . Hacks Repelled 2 | . . . . . . . . . . 2 . . . . . . . . . . . . . . Allies | -11 -10 -10 -9 -9 -6 -6 -5 -5 -5 -5 -4 -4 -4 -4 -4 -3 -3 -3 -3 -2 -2 -1 -1 -1 -------- Run | Yrd Mat Sub Rec Scr Fac DSF Fac Upp Upp War Pro Fac Upp Upp Zhi Pro Res Qua Sec Res Tes Acc Com Ac0 Total Allies 30 | . . 1 . . . . 4 3 . 1 . . 3 . . . . 1 3 . 1 1 3 9 Largest Group 6 | . . 1 . . . . 4 6 5 4 . . 3 . . . . 1 3 . 1 1 3 4 Highest-Rated Group 356 | . . 90 . . . . 216 249 211 160 . . 138 . . . . 145 117 . 120 65 207 356 Highest-Rated Ally 145 | . . 90 . . . . 54 54 54 79 . . 46 . . . . 145 39 . 120 65 69 145 Initial UFD Resources 38 | . . . . . 24 24 28 28 28 28 31 31 31 31 31 33 33 33 33 35 35 38 38 38 Total Orders 3 | . . . . . . . . . . 1 . 1 . . . . . . . . . . 1 . STAY 1 | . . . . . . . . . . 1 . . . . . . . . . . . . . . ROAM 1 | . . . . . . . . . . . . . . . . . . . . . . . 1 . RETURN 1 | . . . . . . . . . . . . 1 . . . . . . . . . . . . Ally Attacks 407 | . . 13 . . . . 2 21 17 102 . . 26 . . . . . 4 . 12 . 59 151 Total Damage 8896 | . . 333 . . . . 100 891 353 1898 . . 514 . . . . . 70 . 670 . 2862 1205 Kills 30 | . . 1 . . . . 1 7 3 8 . . 2 . . . . . 1 . 3 . 1 3 Allies Corrupted 2 | . . . . . . . . . . 1 . . . . . . . . . . . . 1 . Allies Melted 2 | . . . . . . . . . . 1 . . . . 1 . . . . . . . . . X0-1V1 Amusement Gains 683 | . 14 17 14 21 18 9 . 23 12 82 8 22 16 18 71 5 55 47 30 . 76 . 60 65 Good Acts 178 | . 14 20 7 . 1 3 3 5 4 7 3 4 1 3 . 6 23 11 13 2 . 2 20 26 Bad Acts 98 | . 9 10 . . . 5 2 1 . . . 2 4 1 . 2 6 4 4 3 9 7 23 6 Intel | -11 -10 -10 -9 -9 -6 -6 -5 -5 -5 -5 -4 -4 -4 -4 -4 -3 -3 -3 -3 -2 -2 -1 -1 -1 ------- Run | Yrd Mat Sub Rec Scr Fac DSF Fac Upp Upp War Pro Fac Upp Upp Zhi Pro Res Qua Sec Res Tes Acc Com Ac0 Active Infowar (turns) 11614 | 32 424 2 . . . 178 503 548 297 205 350 216 375 802 364 615 1842 903 448 503 1149 727 1001 130 Optics 4836 | . . 2 . . . . . . . 183 350 . . . . 133 1842 . . 424 1149 727 26 . Sensors 2896 | . . . . . . . 503 80 . . 6 216 . . . 362 256 . . . 779 688 6 . Terrain 5690 | 29 103 . . . . 178 95 . . . . . 276 802 364 482 . 903 448 451 993 431 5 130 Seismic 589 | 32 424 . . . . . . . . . . . . . . . 132 . . 1 . . . . Decoding 160 | . . . . . . . . 160 . . . . . . . . . . . . . . . . Cloaking 975 | . . . . . . . . . . . . . . . . . . . . . . . 975 . Spoofing 382 | . . . . . . . . . . . . . 375 7 . . . . . . . . . . Jamming 1423 | . . . . . . . . 302 297 22 . . . . . . 802 . . . . . . . ECM 6 | . . . . . . . . 6 . . . . . . . . . . . . . . . . Robot Analysis Total . | . . . . . . . . . . . . . . . . . . . . . . . . . Derelict Logs Recovered 6 | . . 2 . 2 . . . 2 . . . . . . . . . . . . . . . . Drone Launches 5 | . . . . . . . . . 1 2 2 . . . . . . . . . . . . . Drone Recoveries 2 | . . . . . . . . . . . . 2 . . . . . . . . . . . . Exploration | -11 -10 -10 -9 -9 -6 -6 -5 -5 -5 -5 -4 -4 -4 -4 -4 -3 -3 -3 -3 -2 -2 -1 -1 -1 ------------- Run | Yrd Mat Sub Rec Scr Fac DSF Fac Upp Upp War Pro Fac Upp Upp Zhi Pro Res Qua Sec Res Tes Acc Com Ac0 Turns Passed 26156 | 118 867 1099 644 1782 229 406 503 1167 820 1535 431 1108 987 802 364 615 1994 1690 1538 504 1149 727 3164 1913 Spaces Moved 15417 | 53 436 1597 491 1428 134 153 257 653 462 755 221 499 540 344 182 288 807 921 617 220 461 502 1900 1496 Core 97 | 4 . 93 . . . . . . . . . . . . . . . . . . . . . . Treads 8042 | 49 360 . 119 641 134 153 257 653 462 755 221 499 540 344 182 288 735 360 617 220 453 . . . Legs 3495 | . 9 . . . . . . . . . . . . . . . . . . . . 502 1742 1242 Wheels 2070 | . . 278 372 787 . . . . . . . . . . . . 72 561 . . . . . . Hover 1 | . 1 . . . . . . . . . . . . . . . . . . . . . . . Flight 1292 | . 66 1226 . . . . . . . . . . . . . . . . . . . . . . Fastest Speed 29 | 50 29 29 80 80 163 156 160 160 160 160 162 145 153 155 158 151 151 125 166 166 166 110 100 100 Average Speed 134 | 151 144 52 125 124 164 174 160 160 161 163 162 153 160 160 159 153 170 146 166 166 166 112 127 107 Slowest Speed 300 | 160 300 250 240 240 165 243 160 246 162 242 162 162 173 162 161 158 235 253 166 166 166 180 184 176 Overloaded Moves . | . . . . . . . . . . . . . . . . . . . . . . . . . Propulsion Burnouts . | . . . . . . . . . . . . . . . . . . . . . . . . . Robots Hopped 2 | . . 2 . . . . . . . . . . . . . . . . . . . . . . Potential Cave-ins 19 | . . 6 . . . . . . . 4 . . . . . . . . 2 . . . 3 4 Cave-ins Triggered . | . . . . . . . . . . . . . . . . . . . . . . . . . Teleports 7 | . . . . . . . . . . . . . . . . . . 1 2 . . 1 1 2 Microwarps 45 | . . . . . . . . . . . . . . . . . . . . . 1 . 15 29 Time Travels 1 | . . . . . . . . . . . . . . . . . . . . . . . . 1 Exploration Rate (%) 54 | 4 58 92 94 88 3 85 12 78 77 81 48 19 66 51 66 52 22 93 49 8 70 19 59 72 Regions Visited 24 Branch Regions 16 Pre-discovered Areas 10 | . . 2 4 3 . . . 1 . . . . . . . . . . . . . . . . Known Exits Taken 12 | . . 1 1 . 1 . 1 . . . . 1 . 1 . 1 1 . 1 . 1 1 1 . Unknown Exits Taken 11 | 1 1 . . 1 . . . 1 1 1 1 . 1 . 1 . . 1 . 1 . . . . Scrap Searched 23 | . . 3 . 8 . . . 4 2 . 1 . 2 2 . 1 . . . . . . . . Spaces Dug 284 | . . 28 . . . 12 5 1 4 . 9 20 30 2 . 5 25 12 15 3 22 14 20 57 Terrain Destroyed 1151 | . 25 50 . . . 33 8 5 6 156 28 86 53 15 6 30 70 16 94 15 71 25 105 254 Melee 60 | . . 20 . . . . 5 1 4 . 8 15 2 . . . 1 4 . . . . . . Projectile 616 | . . 1 . . . 3 3 4 . 6 20 . 2 11 6 14 65 12 66 15 71 25 105 187 AOE 471 | . 25 29 . . . 30 . . 2 150 . 71 49 4 . 16 . . 28 . . . . 67 Terrain Rammed . | . . . . . . . . . . . . . . . . . . . . . . . . . Walls Destroyed . | . . . . . . . . . . . . . . . . . . . . . . . . . Machines Disabled . | . . . . . . . . . . . . . . . . . . . . . . . . . Actions | -11 -10 -10 -9 -9 -6 -6 -5 -5 -5 -5 -4 -4 -4 -4 -4 -3 -3 -3 -3 -2 -2 -1 -1 -1 --------- Run | Yrd Mat Sub Rec Scr Fac DSF Fac Upp Upp War Pro Fac Upp Upp Zhi Pro Res Qua Sec Res Tes Acc Com Ac0 Total 18628 | 71 585 1751 512 1437 140 248 323 756 506 931 252 715 616 471 232 365 1152 1138 930 305 689 622 2317 1564 Wait 912 | . 60 24 2 . . 14 8 11 18 54 5 48 40 50 27 20 66 31 135 13 38 59 175 14 Move 15014 | 52 435 1593 490 1427 133 152 256 652 461 754 220 498 539 343 181 287 806 920 616 219 453 501 1756 1270 Hop 1 | . . 1 . . . . . . . . . . . . . . . . . . . . . . Pick Up 316 | 3 16 8 7 3 . 20 14 5 5 14 2 19 3 5 6 2 42 32 16 12 13 10 41 18 Fast Attach 122 | 7 3 8 . 1 6 7 4 1 1 3 . 4 2 3 1 . 12 11 9 4 4 . 20 11 Attach 133 | . 3 5 . . . 4 4 2 1 5 1 5 2 7 1 3 18 8 8 2 3 7 25 19 Detach 81 | . . 5 . 1 . 5 1 2 1 2 . 5 . 2 . . 7 9 . . 2 2 30 7 Swap 336 | . 14 6 1 3 . 12 6 6 3 23 2 18 2 5 5 1 33 24 31 15 23 13 59 31 Drop 228 | . 7 11 6 2 1 1 13 4 . 7 . 10 2 1 . . 24 30 13 12 19 5 39 21 Fire 1162 | 9 46 9 5 . . 32 8 5 11 61 14 48 22 53 11 52 135 55 101 28 93 24 170 170 Melee 194 | . . 81 1 . . 1 9 6 5 . 8 60 4 . . . 1 18 . . . . . . Ram 1 | . 1 . . . . . . . . . . . . . . . . . . . . . . . Kick 2 | . . . . . . . . . . . . . . . . . . . . . . 1 1 . Crush 12 | . . . . . . . . . . . . . . 2 . . 8 . 1 . 1 . . . Escape Stasis . | . . . . . . . . . . . . . . . . . . . . . . . . . Rewire 106 | . . . . . . . . 62 . . . . . . . . . . . . 40 . 1 3 Trap . | . . . . . . . . . . . . . . . . . . . . . . . . . Miscellaneous 8 | . . . . . . . . . . 8 . . . . . . . . . . . . . . Route ------- -11/Scrapyard -10/Materials (discovered 4 exits: *Mat x3 / *Sub) -10/Subcaves (discovered 2 exits: Mat / *Rec) -9/Recycling (discovered 2 exits: [*Fac] / *Scr) -9/Scraptown (discovered 2 exits: *Fac x2) -6/Factory -6/DSF -5/Factory -5/Upper Caves -5/Upper Caves (discovered 2 exits: *Fac / *War) -5/Warlord -4/Proximity Caves -4/Factory (discovered 2 exits: *Upp x2) -4/Upper Caves -4/Upper Caves (discovered 2 exits: Res / *Zhi) -4/Zhirov -3/Proximity Caves -3/Research (discovered 3 exits: *Res x2 / *Qua) -3/Quarantine (discovered 3 exits: *Res / *Sec / [*Frg]) -3/Section 7 -2/Research -2/Testing -1/Access -1/Command (discovered 3 exits: *Sur x2 / *Ac0) -1/Access_0 To Fleet Rendezvous History --------- Turn | Location | Event 24 | -11/Scrapyard | Discovered new exit (range 15) 119 | -11/Scrapyard | Entered Materials 213 | -10/Materials | Discovered new exit (range 5) 221 | -10/Materials | Prayed at D.C.S.S. Altar Unit 297 | -10/Materials | Discovered new exit (range 3) 300 | -10/Materials | Build established: Mutant 629 | -10/Materials | Discovered new exit (range 13) 927 | -10/Materials | Destroyed 9 combat bots 929 | -10/Materials | Core integrity permanently improved by X0-1V1 (+200) 950 | -10/Materials | X0-1V1 mutated your Weapon slot to Propulsion slot 958 | -10/Materials | Core integrity restored by X0-1V1 (+67) 960 | -10/Materials | Weapon slot count permanently improved by X0-1V1 (+1) 961 | -10/Materials | Inventory capacity permanently improved by X0-1V1 (+2) 976 | -10/Materials | X0-1V1 activates XOMVISION 980 | -10/Materials | Identified exit to Materials 980 | -10/Materials | X0-1V1 revealed exit location to -9/Materials 982 | -10/Materials | X0-1V1 foreshadows a heat wave 985 | -10/Materials | X0-1V1 enhanced Transport squad support 986 | -10/Materials | Entered Subcaves 986 | -10/Subcaves | Learned location of Zion (-6) 989 | -10/Subcaves | X0-1V1 mutated your Propulsion slot to Power slot 999 | -10/Subcaves | Identified exit to Recycling 999 | -10/Subcaves | X0-1V1 revealed exit location to -9/Recycling 1000 | -10/Subcaves | X0-1V1 sent hostile S-10 Pest (x5) 1006 | -10/Subcaves | Ambushed by Subdweller buried in earth 1032 | -10/Subcaves | Learned Materials terminal intel 1066 | -10/Subcaves | X0-1V1 sent allied H-61 Shepherd (x1) 1206 | -10/Subcaves | Shifting Twisted Machinery released Sub. Beam Cannon 1207 | -10/Subcaves | Build established: Sprinter 1244 | -10/Subcaves | Shifting Twisted Machinery released Hvy. Riot Gun 1246 | -10/Subcaves | Core integrity restored by X0-1V1 (+72) 1274 | -10/Subcaves | X0-1V1 activates XOMVISION 1360 | -10/Subcaves | Shifting Twisted Machinery released Battle Rifle 1364 | -10/Subcaves | Shifting Twisted Machinery released Sub. Monowheel 1474 | -10/Subcaves | Identified exit to Materials 1474 | -10/Subcaves | X0-1V1 revealed exit location to -8/Materials 1501 | -10/Subcaves | A swath of the cavern ceiling suddenly collapsed 1508 | -10/Subcaves | Met a Zionite searching for "candidates" 1517 | -10/Subcaves | Shifting Twisted Machinery released Sub. Machine Gun 1518 | -10/Subcaves | Shifting Twisted Machinery released Sub. Power Source 1522 | -10/Subcaves | Core integrity restored by X0-1V1 (+62) 1547 | -10/Subcaves | X0-1V1 activates XOMVISION 1572 | -10/Subcaves | X0-1V1 sent you into danger 1598 | -10/Subcaves | X0-1V1 sent hostile S-10 Pest (x3) 1695 | -10/Subcaves | Visited 4L-MR0's lab 1704 | -10/Subcaves | Found Prototype Device 1704 | -10/Subcaves | Identified Sfc. Transmogrifier 1707 | -10/Subcaves | Core integrity restored by X0-1V1 (+67) 1711 | -10/Subcaves | Found Powered Cannon 1769 | -10/Subcaves | Build established: Mutant 2085 | -10/Subcaves | Entered Recycling 2235 | -9/Recycling | Discovered new exit (range 16) 2516 | -9/Recycling | Identified exit to Scraptown 2516 | -9/Recycling | X0-1V1 revealed exit location to -9/Scraptown 2681 | -9/Recycling | Scanned before Scraplab entrance 2721 | -9/Recycling | Entered Scraplab 2729 | -9/Recycling | Entered Scraptown 2802 | -9/Scraptown | Heard Great Nut preacher, LISTEN AND RECITE! 2814 | -9/Scraptown | Visited UFD Registry 2814 | -9/Scraptown | Registered with UFD as "Maceplate" 2826 | -9/Scraptown | Visited Cyclists 2838 | -9/Scraptown | Entered Cyclist Reading Room 2864 | -9/Scraptown | Visited Comm Corps 2899 | -9/Scraptown | Scanned Subdweller tech in exchange for log data 2902 | -9/Scraptown | Learned location of Warlord (-5) 2903 | -9/Scraptown | Learned Factory security intel 2910 | -9/Scraptown | Discovered new exit (range 11) 3150 | -9/Scraptown | Visited IN-MT5's Study 3166 | -9/Scraptown | Visited CR-KLE's Repair Center 3197 | -9/Scraptown | Visited Symbiants 3217 | -9/Scraptown | Visited Bundlers 3328 | -9/Scraptown | Visited Derelict Rescue Squad 3356 | -9/Scraptown | Visited Abandonware Association 3366 | -9/Scraptown | Learned abandonware demo "TRNCOAT.EXE" 3366 | -9/Scraptown | Learned abandonware demo "POISON.EXE" 3393 | -9/Scraptown | Visited Scrap Suit Storage 3426 | -9/Scraptown | Visited Scrapoid Research Area 3439 | -9/Scraptown | Visited Infowarlord's Domain 3454 | -9/Scraptown | Visited DA-N13 Charitable Foundation 3458 | -9/Scraptown | Found DCF Scrap (27 items) 3504 | -9/Scraptown | Visited Botcube Research 3552 | -9/Scraptown | Delivered Scrap Shield to a Scientist 3636 | -9/Scraptown | Visited Junk Cannon Lab 3663 | -9/Scraptown | Visited LU-1G1's Boring Crew 3687 | -9/Scraptown | Visited Chapter 10 3817 | -9/Scraptown | Found Exp. Sensor Array 4250 | -9/Scraptown | Visited Fellowship of the Rings 4415 | -9/Scraptown | Met Optimus 4415 | -9/Scraptown | Accepted into 0bPrime 4508 | -9/Scraptown | Discovered new exit (range 3) 4511 | -9/Scraptown | Entered Factory 4511 | -6/Factory | Evolved 8 slots: Propulsion x2, Utility x5, Weapon x1 4663 | -6/Factory | Identified exit to DSF 4740 | -6/Factory | Entered DSF 4759 | -6/DSF | Additional patrols routed to DSF 4760 | -6/DSF | Attached Powered Cannon, gained temporary slot: Power 4775 | -6/DSF | X0-1V1 sent hostile Y-54 Guardian (x1) 4855 | -6/DSF | X0-1V1 sent hostile X-62 Marksman (x2) 4898 | -6/DSF | Build established: Tank 4930 | -6/DSF | Sterilization system engaged 4950 | -6/DSF | Ambient heat levels rising (+10) 4951 | -6/DSF | Lost 3 parts (3u) 4965 | -6/DSF | Ambient heat levels rising (+10) 4980 | -6/DSF | Ambient heat levels rising (+10) 4995 | -6/DSF | Ambient heat levels rising (+10) 5010 | -6/DSF | Ambient heat levels rising (+10) 5025 | -6/DSF | Ambient heat levels rising (+10) 5040 | -6/DSF | Ambient heat levels rising (+10) 5055 | -6/DSF | Ambient heat levels rising (+10) 5070 | -6/DSF | Ambient heat levels rising (+10) 5085 | -6/DSF | Ambient heat levels rising (+10) 5100 | -6/DSF | Ambient heat levels rising (+10) 5115 | -6/DSF | Ambient heat levels rising (+10) 5122 | -6/DSF | Discovered new exit (range 16) 5130 | -6/DSF | Ambient heat levels rising (+10) 5145 | -6/DSF | Ambient heat levels rising (+10) 5146 | -6/DSF | Entered Factory 5146 | -5/Factory | Evolved 2 slots: Utility x2 5245 | -5/Factory | X0-1V1 announced a LAN party 5537 | -5/Factory | Build established: Mutant 5623 | -5/Factory | X0-1V1 sent you to a vault 5623 | -5/Factory | Discovered new exit (range 10) 5642 | -5/Factory | Identified exit to Upper Caves 5649 | -5/Factory | Entered Upper Caves 5649 | -5/Upper Caves | Accompanied by 4 allies 5651 | -5/Upper Caves | UFD Scientist delivered a prototype 5669 | -5/Upper Caves | Found Prototype Protection 6225 | -5/Upper Caves | Build established: Commander-Gladiator 6263 | -5/Upper Caves | Identified Enh. Scrap Shield 6418 | -5/Upper Caves | Learned Factory security intel 6599 | -5/Upper Caves | Discovered new exit (range 3) 6694 | -5/Upper Caves | Found Alien Artifact 6694 | -5/Upper Caves | Identified Core Expander 6694 | -5/Upper Caves | Installed Core Expander, added new Propulsion slot 6756 | -5/Upper Caves | Build established: Commander-Mutant 6816 | -5/Upper Caves | Entered another Upper Caves area 6816 | -5/Upper Caves | Accompanied by 5 allies 6875 | -5/Upper Caves | Discovered new exit (range 15) 7016 | -5/Upper Caves | Attracted the attention of an 0b10 checkpoint 7106 | -5/Upper Caves | Spotted B-75 Beast 7129 | -5/Upper Caves | Allies destroyed B-75 Beast 7291 | -5/Upper Caves | X0-1V1 activates XOMVISION 7403 | -5/Upper Caves | Discovered new exit (range 5) 7428 | -5/Upper Caves | Build established: Commander-Tank 7636 | -5/Upper Caves | Entered Warlord 7636 | -5/Warlord | Accompanied by 5 allies 7669 | -5/Warlord | Discovered new exit (range 19) 7690 | -5/Warlord | System corruption cleaned by Quarantine Array 7731 | -5/Warlord | Build established: Scavenger-Mutant 8148 | -5/Warlord | Found Prototype Reactor 8148 | -5/Warlord | Identified Vortex Chain Reactor 8171 | -5/Warlord | Found Prototype Hackware 8317 | -5/Warlord | Build established: Commander-Tank 8335 | -5/Warlord | Warlord's base attacked by MAIN.C 8348 | -5/Warlord | Found Prototype Energy Gun 8348 | -5/Warlord | Identified Vortex Rail 8354 | -5/Warlord | Found Vortex Rail 8536 | -5/Warlord | Warlord forces counterattacked 8579 | -5/Warlord | Destroyed 8 combat bots 8635 | -5/Warlord | Spotted Striker 8635 | -5/Warlord | Spotted Executioner 8635 | -5/Warlord | Spotted Executioner 8705 | -5/Warlord | Lost 27 allies 8735 | -5/Warlord | P-80 Master assimilated allied MJ-1NR(M) 8736 | -5/Warlord | Spotted Striker 8738 | -5/Warlord | X0-1V1 whisked you away to safety 8890 | -5/Warlord | Spotted Striker 8923 | -5/Warlord | X0-1V1 sent allied Chaos Knight 2.0 (x1) 8950 | -5/Warlord | Spotted Striker 8964 | -5/Warlord | P-70 Sage assimilated allied 3W-JLA(Y) 8970 | -5/Warlord | Build established: Tank 8970 | -5/Warlord | Spotted Executioner 8970 | -5/Warlord | Spotted B-75 Beast 8970 | -5/Warlord | Spotted B-86 Titan 8992 | -5/Warlord | Found Prototype Processor 8992 | -5/Warlord | Identified Exp. Core Analyzer 9010 | -5/Warlord | Warlord base infiltrated, sounded retreat 9041 | -5/Warlord | Spotted Striker 9086 | -5/Warlord | System corruption reached 10% 9096 | -5/Warlord | Rebuked by Warlord 9145 | -5/Warlord | Spotted Executioner 9171 | -5/Warlord | Entered Proximity Caves 9179 | -4/Proximity Caves | Lost 6 allies 9584 | -4/Proximity Caves | Discovered new exit (range 8) 9602 | -4/Proximity Caves | Entered Factory 9602 | -4/Factory | Accompanied by 2 allies 9602 | -4/Factory | Evolved 2 slots: Power x1, Propulsion x1 9624 | -4/Factory | Build established: Mutant 9635 | -4/Factory | Identified System Mapper 9815 | -4/Factory | X0-1V1 enhanced Transport squad support 10166 | -4/Factory | Build established: Hauler-Mutant 10173 | -4/Factory | X0-1V1 activates XOMVISION 10188 | -4/Factory | Identified exit to Upper Caves 10318 | -4/Factory | Garrison activated, responded to threat 10423 | -4/Factory | Garrison activated, responded to threat 10710 | -4/Factory | Entered Upper Caves 10847 | -4/Upper Caves | X0-1V1 activates XOMVISION 11018 | -4/Upper Caves | System corruption reached 10% 11020 | -4/Upper Caves | Entered an active Warlord outpost 11034 | -4/Upper Caves | A Commander dispatched an escort 11035 | -4/Upper Caves | Learned Extension terminal intel 11035 | -4/Upper Caves | Learned Extension stockpile data 11035 | -4/Upper Caves | Learned Research emergency access door positions 11094 | -4/Upper Caves | Build established: Hauler-Tank 11360 | -4/Upper Caves | Attracted the attention of an 0b10 checkpoint 11654 | -4/Upper Caves | System corruption reached 30% 11673 | -4/Upper Caves | Discovered new exit (range 4) 11697 | -4/Upper Caves | Entered another Upper Caves area 11698 | -4/Upper Caves | Identified exit to Research 11713 | -4/Upper Caves | Attracted the attention of an 0b10 checkpoint 11792 | -4/Upper Caves | X0-1V1 activates XOMVISION 11816 | -4/Upper Caves | Identified exit to Zhirov 11816 | -4/Upper Caves | X0-1V1 revealed exit location to -4/Zhirov 11837 | -4/Upper Caves | X0-1V1 whisked you away to safety 12037 | -4/Upper Caves | Destroyed 8 combat bots 12043 | -4/Upper Caves | Attracted the attention of an 0b10 base 12111 | -4/Upper Caves | Learned Factory garrison access intel 12111 | -4/Upper Caves | Learned Extension trap positions 12499 | -4/Upper Caves | Entered Zhirov 12499 | -4/Zhirov | Discovered new exit (range 3) 12528 | -4/Zhirov | Met Zhirov 12567 | -4/Zhirov | Found Alien Artifact 12567 | -4/Zhirov | Identified Integrated Reactor 12567 | -4/Zhirov | Installed Integrated Reactor, increased core energy generation (+10) 12588 | -4/Zhirov | Found Alien Artifact 12709 | -4/Zhirov | Cloak Generator disabled 12709 | -4/Zhirov | Attacked by Zhirov 12719 | -4/Zhirov | Enhanced Grunts warped into view 12750 | -4/Zhirov | Zhirov detonated his lab 12863 | -4/Zhirov | Entered Proximity Caves 13030 | -3/Proximity Caves | Found DCF Scrap (12 items) 13231 | -3/Proximity Caves | Attracted the attention of an 0b10 outpost 13309 | -3/Proximity Caves | Destroyed 7 combat bots 13433 | -3/Proximity Caves | Discovered exit to Research (range 3) 13463 | -3/Proximity Caves | X0-1V1 activates XOMVISION 13478 | -3/Proximity Caves | Entered Research 13478 | -3/Research | Evolved 2 slots: Utility x1, Weapon x1 13490 | -3/Research | Identified exit to Quarantine 13490 | -3/Research | X0-1V1 revealed exit location to -3/Quarantine 13895 | -3/Research | Lost 3 parts (1u2w) 14054 | -3/Research | X0-1V1 enhanced Transport squad support 14478 | -3/Research | Weapon slot count temporarily expanded by X0-1V1 (+3) 14570 | -3/Research | Destroyed 15 combat bots 14615 | -3/Research | Lost 4 parts (1p2u1w) 14694 | -3/Research | Discovered new exit (range 13) 14717 | -3/Research | Identified exit to Research 14717 | -3/Research | X0-1V1 revealed exit location to -2/Research 14810 | -3/Research | Build established: Hauler-Executioner 14815 | -3/Research | Found Quantum Capacitor 14933 | -3/Research | Found Exp. Terrain Scanner 15169 | -3/Research | Build established: Scavenger-Tank 15228 | -3/Research | First assault squad dispatched 15263 | -3/Research | X0-1V1 activates XOMVISION 15472 | -3/Research | Entered Quarantine 15565 | -3/Quarantine | Found Alien Artifact 15631 | -3/Quarantine | Cryocooling Duct disabled 15633 | -3/Quarantine | Cryocooling Duct disabled 15646 | -3/Quarantine | Ambient heat levels rising (+20) 15646 | -3/Quarantine | Non-combat units ordered to evacuate 15648 | -3/Quarantine | Ambient heat levels rising (+20) 15648 | -3/Quarantine | Combat units ordered to evacuate 15748 | -3/Quarantine | Quarantine Guard activated 15824 | -3/Quarantine | Found Alien Artifact 15910 | -3/Quarantine | Spotted Quarantine Guard 15933 | -3/Quarantine | Spotted Quarantine Guard 15934 | -3/Quarantine | Build established: Hauler-Tank 15999 | -3/Quarantine | Spotted Quarantine Guard 16025 | -3/Quarantine | Found Alien Impact Weapon 16035 | -3/Quarantine | Discovered exit to Research (range 5) 16035 | -3/Quarantine | Spotted Quarantine Guard 16040 | -3/Quarantine | Destroyed Quarantine Guard 16050 | -3/Quarantine | Destroyed Quarantine Guard 16066 | -3/Quarantine | Spotted Quarantine Guard 16067 | -3/Quarantine | Destroyed Quarantine Guard 16076 | -3/Quarantine | Destroyed Quarantine Guard 16167 | -3/Quarantine | Spotted Quarantine Guard 16203 | -3/Quarantine | Spotted Quarantine Guard 16214 | -3/Quarantine | Destroyed Quarantine Guard 16236 | -3/Quarantine | Spotted Quarantine Guard 16241 | -3/Quarantine | Destroyed Quarantine Guard 16250 | -3/Quarantine | Destroyed Quarantine Guard 16251 | -3/Quarantine | X0-1V1 activates XOMVISION 16259 | -3/Quarantine | Destroyed Quarantine Guard 16267 | -3/Quarantine | Spotted Quarantine Guard 16271 | -3/Quarantine | X0-1V1 sent allied Quarantine Guard (x1) 16272 | -3/Quarantine | Destroyed Quarantine Guard 16281 | -3/Quarantine | Destroyed Quarantine Guard 16287 | -3/Quarantine | X0-1V1 sent hostile X-77 Beamer (x2) 16337 | -3/Quarantine | Found Alien Artifact 16337 | -3/Quarantine | Identified Dimensional Node Initializer 16337 | -3/Quarantine | Initialized slip node 16343 | -3/Quarantine | Found Dimensional Node Initializer 16349 | -3/Quarantine | Found Alien Artifact 16356 | -3/Quarantine | Found Alien Artifact 16356 | -3/Quarantine | Identified Transdimensional Reconstructor (x2) 16356 | -3/Quarantine | Warped through subspace to slip node 16385 | -3/Quarantine | Found Alien Artifact 16451 | -3/Quarantine | Spotted Alpha 7 16467 | -3/Quarantine | Found Alien Launcher 16528 | -3/Quarantine | Found Prototype Device 16532 | -3/Quarantine | Identified Exp. ECM Suite 16633 | -3/Quarantine | System corruption reached 10% 16744 | -3/Quarantine | Found Alien Energy Cannon 16888 | -3/Quarantine | Identified Core Stripper 16894 | -3/Quarantine | Spotted Fortress 16931 | -3/Quarantine | Destroyed Fortress 16938 | -3/Quarantine | Found Prototype Device 16938 | -3/Quarantine | Identified Thermal Barrier 16950 | -3/Quarantine | Found Vortex Chain Reactor 16957 | -3/Quarantine | Found Prototype Device 16957 | -3/Quarantine | Identified Exp. EM Shield 16964 | -3/Quarantine | Found Prototype Device 16965 | -3/Quarantine | Identified Exp. Force Field 17119 | -3/Quarantine | Discovered new exit (range 6) 17119 | -3/Quarantine | Discovered new exit (range 7) 17119 | -3/Quarantine | Spotted Quarantine Guard 17119 | -3/Quarantine | Spotted Quarantine Guard 17123 | -3/Quarantine | X0-1V1 activates XOMVISION 17128 | -3/Quarantine | Destroyed Quarantine Guard 17136 | -3/Quarantine | Destroyed Quarantine Guard 17162 | -3/Quarantine | Entered Section 7 17172 | -3/Section 7 | Identified Core Reset Matrix 17172 | -3/Section 7 | Identified Sigix Terminator 17172 | -3/Section 7 | Identified Subatomic Replicator 17172 | -3/Section 7 | Identified Terrabomb 17172 | -3/Section 7 | Identified Core Cannon 17172 | -3/Section 7 | Identified Hpw. Transdimensional Reconstructor 17172 | -3/Section 7 | Used Core Reset Matrix 17176 | -3/Section 7 | Detected hypermatrix surge 17176 | -3/Section 7 | Sensed 21 artifacts in vicinity 17225 | -3/Section 7 | Spotted S7 Guard 17250 | -3/Section 7 | Destroyed S7 Guard 17263 | -3/Section 7 | Found Corrupted Prototype Protection 17273 | -3/Section 7 | Found Core Regenerator 17375 | -3/Section 7 | Found Microwarp Drive 17464 | -3/Section 7 | Used Subatomic Replicator to create Supercharged Integrated Dissipator 17468 | -3/Section 7 | Installed Supercharged Integrated Dissipator, increased core heat dissipation (+40) 17586 | -3/Section 7 | Discovered exit to Research (range 8) 17637 | -3/Section 7 | X0-1V1 sent allied Fireman (x3) 17679 | -3/Section 7 | Lost 3 allies 17679 | -3/Section 7 | Found Integrity Redistributor 17814 | -3/Section 7 | Found Prototype Launcher 17815 | -3/Section 7 | Initialized slip node 17818 | -3/Section 7 | Identified Tactical Quantum Warhead 17838 | -3/Section 7 | Identified Hvy. Regenerative Plating 17872 | -3/Section 7 | Spotted Alpha 7 17879 | -3/Section 7 | Warped through subspace to slip node 17960 | -3/Section 7 | Spotted Alpha 7 18077 | -3/Section 7 | Core integrity restored by X0-1V1 (+247) 18103 | -3/Section 7 | Destroyed Alpha 7 18127 | -3/Section 7 | Destroyed Alpha 7 18148 | -3/Section 7 | Found Integrated Mediator 18148 | -3/Section 7 | Installed Integrated Mediator, increased core attachment efficiency 18162 | -3/Section 7 | First assault squad dispatched 18202 | -3/Section 7 | Spotted B-99 Colossus 18266 | -3/Section 7 | Found Integrity Redistributor 18290 | -3/Section 7 | X0-1V1 vaporized surrounding terrain (radius 22) 18318 | -3/Section 7 | Found LRC Energy Well 18318 | -3/Section 7 | Installed LRC Energy Well, increased energy storage capacity (+250) 18328 | -3/Section 7 | Found LRC Inertial Stabilizer 18328 | -3/Section 7 | Installed LRC Inertial Stabilizer, increased mass support (+10) 18331 | -3/Section 7 | Found LRC Matter Compressor 18331 | -3/Section 7 | Installed LRC Matter Compressor, increased matter storage capacity (+125) 18447 | -3/Section 7 | Build established: Alien-Tank 18545 | -3/Section 7 | Used Integrity Redistributor, redistributed integrity from core (-389) 18559 | -3/Section 7 | Destroyed B-99 Colossus 18654 | -3/Section 7 | Found Transdimensional Reconstructor 18657 | -3/Section 7 | Found Transdimensional Reconstructor 18657 | -3/Section 7 | Warped through subspace to slip node 18700 | -3/Section 7 | Entered Research 18700 | -2/Research | Evolved 2 slots: Utility x2 18701 | -2/Research | X0-1V1 activates XOMVISION 19075 | -2/Research | Discovered new exit (range 22) 19139 | -2/Research | Destroyed 8 combat bots 19204 | -2/Research | Entered Testing 19246 | -2/Testing | X0-1V1 sent you into danger 19319 | -2/Testing | Destroyed 7 combat bots 19324 | -2/Testing | Found Prototype Processor 19337 | -2/Testing | Identified Exp. Signal Interpreter 19373 | -2/Testing | X0-1V1 enhanced Transport squad support 19458 | -2/Testing | Found Prototype Device 19488 | -2/Testing | Spotted Striker 19496 | -2/Testing | Identified Exp. Hardlight Generator 19514 | -2/Testing | Found Prototype Leg 19517 | -2/Testing | Identified Myomer Exoskeleton 19619 | -2/Testing | Build established: Alien-Skirmisher 19640 | -2/Testing | System corruption reached 10% 19724 | -2/Testing | Found Prototype Energy Cannon 19754 | -2/Testing | Identified Imp. Potential Cannon 20009 | -2/Testing | Scanned by Researcher 20030 | -2/Testing | Rewired PL-PAZU1EC0QY 20117 | -2/Testing | Found Prototype Hackware 20162 | -2/Testing | Found Prototype Energy Cannon 20162 | -2/Testing | Identified Null Cannon 20301 | -2/Testing | Discovered new exit (range 4) 20305 | -2/Testing | Identified exit to Access 20320 | -2/Testing | Identified Ghost Barrier 20353 | -2/Testing | Entered Access 20353 | -1/Access | Evolved 1 slot: Propulsion x1 20479 | -1/Access | X0-1V1 added 0b10 threat records associated with you (major) 20487 | -1/Access | System corruption reached 10% 20524 | -1/Access | X0-1V1 enhanced Transport squad support 20565 | -1/Access | X0-1V1 sent you to a vault 20569 | -1/Access | Found Thermal Barrier 20574 | -1/Access | Found Prototype Device 20587 | -1/Access | Identified System Purifier 20589 | -1/Access | Found Prototype Launcher 20594 | -1/Access | Identified Containment Facilitator 20616 | -1/Access | Murdered Golem 20619 | -1/Access | Found Unknown Device 20621 | -1/Access | Identified GOLEM Unit 20634 | -1/Access | Found Botcube 20833 | -1/Access | Warped through subspace 20982 | -1/Access | X0-1V1 redirected Transport squads to designated parking area 21071 | -1/Access | Discovered new exit (range 7) 21076 | -1/Access | Identified exit to Command 21080 | -1/Access | Entered Command 21121 | -1/Command | X0-1V1 activates XOMVISION 21228 | -1/Command | Found Exp. Cloaking Device 21429 | -1/Command | Spotted B-99 Colossus 21451 | -1/Command | Discovered new exit (range 1) 21451 | -1/Command | X0-1V1 whisked you away to safety 21464 | -1/Command | Build established: Alien-Tank 21536 | -1/Command | X0-1V1 mutated your Utility slot to Propulsion slot 21744 | -1/Command | Destroyed B-99 Colossus 21824 | -1/Command | Spotted Combat Programmer 21825 | -1/Command | Spotted Combat Programmer 21835 | -1/Command | Destroyed Combat Programmer 21842 | -1/Command | Destroyed Combat Programmer 21843 | -1/Command | X0-1V1 sent hostile S-43 Plague (x4) 21880 | -1/Command | X0-1V1 vaporized surrounding terrain (radius 20) 21880 | -1/Command | Spotted Alpha 7 21880 | -1/Command | Spotted Striker 21880 | -1/Command | Spotted Executioner 21880 | -1/Command | Spotted B-99 Colossus 21886 | -1/Command | Identified exit to Surface 21886 | -1/Command | X0-1V1 revealed exit location to -0/Surface 21899 | -1/Command | Destroyed 7 combat bots 21903 | -1/Command | Spotted Striker 21948 | -1/Command | Destroyed Striker 21981 | -1/Command | Spotted Alpha 7 21989 | -1/Command | Spotted M Guard 21992 | -1/Command | Spotted M Guard 22003 | -1/Command | Destroyed M Guard 22011 | -1/Command | Used Core Regenerator, restored core integrity (+400) 22014 | -1/Command | Used Integrity Redistributor, redistributed integrity from core (-383) 22016 | -1/Command | 0b10 Conduit disabled 22028 | -1/Command | Destroyed M Guard 22028 | -1/Command | All MAIN.C guards destroyed 22050 | -1/Command | Destroyed Alpha 7 22066 | -1/Command | Destroyed Alpha 7 22073 | -1/Command | Found Prototype Launcher 22073 | -1/Command | Identified Adv. Micro-nuke Launcher 22081 | -1/Command | Found Prototype Ballistic Gun 22282 | -1/Command | X0-1V1 vaporized surrounding terrain (radius 18) 22282 | -1/Command | X0-1V1 sent you to a vault 22381 | -1/Command | Met MAIN.C 22413 | -1/Command | Identified Multirail 22413 | -1/Command | Allies destroyed MAIN.C Shell 22415 | -1/Command | MAIN.C activated Command garrisons 22448 | -1/Command | Destroyed MAIN.C 22476 | -1/Command | Discovered exit to Surface (range 36) 22476 | -1/Command | Discovered exit to Surface (range 101) 22476 | -1/Command | Extracted map data and part IDs from MAIN.C's data core 22495 | -1/Command | X0-1V1 sent you into danger 22502 | -1/Command | X0-1V1 activates XOMVISION 22566 | -1/Command | X0-1V1 mutated your Propulsion slot to Utility slot 22604 | -1/Command | Spotted B-99 Colossus 22875 | -1/Command | X0-1V1 mutated your Propulsion slot to Utility slot 22887 | -1/Command | Found Exp. System Purifier 22892 | -1/Command | Found Exp. Weapon Cycler 22953 | -1/Command | Found Vortex Chain Reactor 22985 | -1/Command | X0-1V1 mutated your Utility slot to Weapon slot 22989 | -1/Command | Found Vortex Chain Reactor 23337 | -1/Command | X0-1V1 mutated your Weapon slot to Utility slot 23360 | -1/Command | Identified exit to Access_0 23360 | -1/Command | X0-1V1 revealed exit location to -1/Access_0 23440 | -1/Command | Build established: Alien-Gunner 23584 | -1/Command | X0-1V1 activates XOMVISION 23867 | -1/Command | Build established: Alien-Tank 24022 | -1/Command | X0-1V1 activates XOMVISION 24066 | -1/Command | Core integrity restored by X0-1V1 (+432) 24235 | -1/Command | Warped through subspace to slip node 24244 | -1/Command | Entered Access_0 24245 | -1/Access_0 | Sensed 3 artifacts in vicinity 24247 | -1/Access_0 | Met Architect 24252 | -1/Access_0 | Architect warped through subspace 24252 | -1/Access_0 | X0-1V1 sent allied Cetus Guard (x3) 24262 | -1/Access_0 | Allies destroyed A8 24292 | -1/Access_0 | Architect warped through subspace 24335 | -1/Access_0 | Architect warped through subspace 24373 | -1/Access_0 | Architect warped through subspace 24414 | -1/Access_0 | X0-1V1 sent allied X-87 Electro (x4) 24421 | -1/Access_0 | Architect warped through subspace 24440 | -1/Access_0 | Found Integrated Dissipator 24440 | -1/Access_0 | Installed Integrated Dissipator, increased core heat dissipation (+20) 24453 | -1/Access_0 | Architect warped through subspace 24467 | -1/Access_0 | Found Corrupted Exp. Targeting Computer 24489 | -1/Access_0 | Architect warped through subspace 24511 | -1/Access_0 | Architect warped through subspace 24545 | -1/Access_0 | Architect warped through subspace 24551 | -1/Access_0 | A6 warped into view 24555 | -1/Access_0 | Allies destroyed A6 24557 | -1/Access_0 | Subspace Access Node disabled 24561 | -1/Access_0 | Architect warped through subspace 24575 | -1/Access_0 | Architect warped through subspace 24613 | -1/Access_0 | Architect warped through subspace 24615 | -1/Access_0 | Found Chronowheel 24615 | -1/Access_0 | Activated Chronowheel 24615 | -1/Access_0 | Spacetime reconverged on an earlier point 24632 | -1/Access_0 | Subspace Access Node disabled 24636 | -1/Access_0 | Architect warped through subspace 24659 | -1/Access_0 | Architect warped through subspace 24674 | -1/Access_0 | Architect warped through subspace 24694 | -1/Access_0 | Architect warped through subspace 24721 | -1/Access_0 | Architect warped through subspace 24728 | -1/Access_0 | Subspace Access Node disabled 24738 | -1/Access_0 | X0-1V1 activates XOMVISION 24753 | -1/Access_0 | Subspace Access Node disabled 24766 | -1/Access_0 | X0-1V1 revealed exit location to -0/Surface 24791 | -1/Access_0 | A5 warped into view 24817 | -1/Access_0 | Destroyed A5 24824 | -1/Access_0 | Destroyed A2 24853 | -1/Access_0 | Core integrity restored by X0-1V1 (+304) 24885 | -1/Access_0 | Singularity Gate disabled 24925 | -1/Access_0 | Destroyed Architect 24929 | -1/Access_0 | Core integrity fell below 50% 24960 | -1/Access_0 | Extracted unknown sensor trigger ID from Architect's data core 24966 | -1/Access_0 | Found Exp. Powered Armor 24968 | -1/Access_0 | Found Hpw. Transdimensional Reconstructor 24976 | -1/Access_0 | Destroyed 7 combat bots 25099 | -1/Access_0 | A4 warped into view 25106 | -1/Access_0 | X0-1V1 sent allied Quarantine Guard (x2) 25119 | -1/Access_0 | Destroyed A4 25170 | -1/Access_0 | X0-1V1 activates XOMVISION 25174 | -1/Access_0 | Found Exp. Phase Shifter 25214 | -1/Access_0 | Found Sigix Corpse 25346 | -1/Access_0 | Found Singularity Reactor 25371 | -1/Access_0 | Core integrity restored by X0-1V1 (+336) 25595 | -1/Access_0 | X0-1V1 sent hostile X-87 Electro (x2) 25621 | -1/Access_0 | Found Exp. Powered Armor 25756 | -1/Access_0 | X0-1V1 sent hostile X-87 Electro (x3) 25921 | -1/Access_0 | Found Hpw. Transdimensional Reconstructor 26097 | -1/Access_0 | A3 warped into view 26121 | -1/Access_0 | Destroyed A3 26126 | -1/Access_0 | Found Prototype Ballistic Gun 26126 | -1/Access_0 | Identified A3's Sniper Rifle 26130 | -1/Access_0 | Found Prototype Device 26130 | -1/Access_0 | Identified ST Field Compressor 26145 | -1/Access_0 | Warped through subspace to slip node 26146 | -1/Access_0 | Warped through subspace to slip node 26157 | *** | Heading to fleet! Last Messages --------------- 26116_ HV Slug penetrates Wall. 26119_ HV Slug penetrates Earth. 26119_ Destroyed Lgt. Regenerative Plating. 26121_ X0-1V1: "Your inner air conditioner seems to have fallen into disrepair." (-44 heat dissipation) 26121_ A3: "How even..." 26121_ A3 destroyed. 26126_ Acquired Prototype Ballistic Gun. 26126_ Identified A3's Sniper Rifle. 26128_ Acquired 15 matter. 26130_ Acquired Prototype Device. 26130_ Identified ST Field Compressor. 26131_ Heat dissipation returns to normal. 26132_ System corrupted: Energy discharge (-100). 26132_ Acquired Exp. Powered Armor. 26133_ Acquired 10 matter. 26145_ Warped through subspace, drawn to slip node. 26148_ Acquired Exp. Cooling System. 26153_ System corrupted: Component data lost. [Achievement: Chaotic Teddy Bear] Map ----- +----------------------------------------------------+ | | | | | | | | | | | | | | | | | | | | | | | | | | | | | | | | | ?????????????????????????????????????????????????? | | ?????????????????????????????????????????????????? | | ?????????????????????????????????????????????????? | | ?????????????????????????????????????????????????? | | ?????????????????????????????????????????????????? | | ?????????????????????????????????????????????????? | | ????????????????????????###??????????????????????? | | ???????????????????????## ##?????????????????????? | | ???????????????????????# #?????????????????????? | | ???????????????????????# @ #?????????????????????? | | ??????????????????????## #?????????????????????? | | ??????????????????????# #?????????????????????? | | ??????????????????????# ##?????????????????????? | | ??????????????????????## #?????????????????????? | | ??????????????????????# #?????????????????????? | | ??????????????????????# ##?????????????????????? | | ??????????????????????# < #?????????????????????? | | ??????????????????????# ##?????????????????????? | | ??????????????????????## #??????????????????????? | | ???????????????????????####??????????????????????? | | ?????????????????????????????????????????????????? | | ?????????????????????????????????????????????????? | | ?????????????????????????????????????????????????? | | ?????????????????????????????????????????????????? | | ?????????????????????????????????????????????????? | | ?????????????????????????????????????????????????? | | ?????????????????????????????????????????????????? | | ?????????????????????????????????????????????????? | | ?????????????????????????????????????????????????? | | ?????????????????????????????????????????????????? | | ?????????????????????????????????????????????????? | | ?????????????????????????????????????????????????? | | ?????????????????????????????????????????????????? | | ?????????????????????????????????????????????????? | +----------------------------------------------------+ Best States ------------- Heat Dissipation 227 Coolant Potential 130 Energy Generation 103 Energy Capacity 2250 Matter Stores 1125 Matter Capacity 1400 Sight Range 30 Robot Scan Range 20 Terrain Scan Range 30 Terrain Scan Density 210 ECM Strength 4 Jamming Range 16 Cloak Strength 4 Power Amplification 40 Additional Mass Support 20 Base Temperature (-) 200 Corruption Containment 12 Armor Coverage 3200 Resistance: KI 30 Resistance: TH 50 Resistance: EX 15 Resistance: EM 90 Resistance: I 15 Resistance: S 15 Resistance: P 15 Propulsion Shielding 90 Utility Shielding 90 Weapon Shielding 66 Weapon Cycling 30 Melee Speed Boost 30 Phase Shifting 20 Evasion (%) 82 Targeting Accuracy 20 Launcher Accuracy 30 Core Analysis 8 Armor Integrity Analysis 50 Recoil Reduction 6 Force Boost 40 Offensive Hacking 20 Defensive Hacking 20 Item Schematics ----------------- Imp. KE Penetrator | -2/Testing | Archive Exp. Core Shielding | -2/Testing | Archive Electron Diverter | -2/Testing | Archive Robot Schematics ------------------ S-43 Plague | -2/Testing | Archive L-61 Swordsman | -2/Testing | Archive Y-72 Warden | -2/Testing | Archive Fabricated ------------ Nothing Repaired ---------- Nothing Studied --------- Enh. Nova Cannon | -3/Section 7 | Hacked Alien Tech Used ----------------- Core Expander Integrated Reactor Dimensional Node Initializer Transdimensional Reconstructor Core Stripper Core Reset Matrix Subatomic Replicator Supercharged Integrated Dissipator Integrated Mediator LRC Energy Well LRC Inertial Stabilizer LRC Matter Compressor Integrity Redistributor Microwarp Drive High-powered Transdimensional Reconstructor Core Regenerator Integrated Dissipator Achievements -------------- Chaotic Teddy Bear Cool Guys Challenges ------------ None Game ------ Seed LayeredCoilStatue Manual? 0 Play Time 05:03:50 Cumulative 1272.8 hours Start 2026.06.23 @ 17:36:39 End 2026.06.24 @ 01:37:21 Sessions 5 Manual Loads 0 Difficulty Rogue Special Mode None Game No. 400 Rogue 398 Adventurer 2 Explorer 0 Win Type 2 Total 106 Types 33/24/23/2/1/1/16/2/1/3 Lore% 98 Gallery% 92 Achievement% 91 Wizard Run 0 Options --------- Layout 0 ASCII 0 Keyboard 1 Movement Numpad Keybinds 0 Fullscreen 1 Font 24/Smallcaps Map View 76x50 Zoom Use 0% Tactical HUD 1 Map Filters NONE Filters NONE Steam 1 RUN: 54ff0917-3e1f-4503-869b-afa1e2a85c4e